 Dungeon Crawl Stone Soup version 0.14-a0-1474-g1105da3 (webtiles) character file.

258335 PolkaDot the Peltast (level 19, -3/172 HPs)
             Began as a Hill Orc Fighter on Dec 14, 2013.
             Was the Champion of Beogh.
             Killed from afar by a shadow dragon (18 damage)
             ... with a bolt of negative energy
             ... on Level 5 of the Vaults.
             The game lasted 07:40:20 (49450 turns).

PolkaDot the Peltast (Hill Orc Fighter)            Turns: 49450, Time: 07:40:22

HP  -3/172       AC 27     Str 29      XL: 19   Next: 84%
MP  32/32        EV  5     Int 10      God: Beogh [******]
Gold 779         SH 63     Dex 19      Spells:  2 memorised, 15 levels left

rFire  + + .     SeeInvis .     a - +7,+5 double sword (protect)
rCold  + . .     Clarity  +     d - +6 ring mail of Ladders and Snakes {Str+3 Int+2}
rNeg   . . .     Conserve .     q - +15 large shield "Bullseye" {EV-5}
rPois  .         rCorr    .     u - +0 helmet
rElec  .         rRot     .     r - +0 cloak "Nagodd" {Acc+5}
SustAb . .       Spirit   .     W - +2 pair of gloves {Dex+3}
rMut   .         Warding  .     z - +2 pair of boots of the Assassin {Stlth++}
Saprov + . .     Stasis   .     F - amulet of clarity
                                Y - ring "Zomell" {Wiz rF++ rC+}
                                j - +5 ring of strength

@: constricted, heavily drained, somewhat resistant to hostile enchantments,
stealthy
A: walk on water, talons 1, saprovore 1
a: Smiting, Recall Orcish Followers, Renounce Religion
}: 2/15 runes: barnacled, gossamer


You were on level 5 of the Vaults.
You worshipped Beogh.
Beogh was exalted by your worship.
You were not hungry.

You visited 6 branches of the dungeon, and saw 43 of its levels.
You visited 1 bazaar.
You also visited: Volcano.

You collected 3926 gold pieces.
You spent 3147 gold pieces at shops.

Inventory:

Hand weapons
 a - a +7,+5 double sword of protection (weapon)
Missiles
 y - 4 throwing nets (quivered)
Armour
 d - the +6 ring mail of Ladders and Snakes (worn) {Str+3 Int+2}
   (You found it on level 13 of the Dungeon)

   It affects your strength (+3).
   It affects your intelligence (+2).
 q - the +15 large shield "Bullseye" (worn) {EV-5}
   (You found it on level 4 of the Dungeon)

   It affects your evasion (-5).
 r - the cursed +0 cloak "Nagodd" (worn) {Acc+5}
   (You found it on level 4 of the Vaults)

   It affects your accuracy (+5).
   It has a curse placed upon it.
 u - a +0 helmet (worn)
 z - the +2 pair of boots of the Assassin (worn) {Stlth++}
   (You found it on level 5 of the Dungeon)

   It makes you much more stealthy.
 W - a +2 pair of gloves of dexterity (worn)
Magical devices
 f - a wand of teleportation (5)
 g - a wand of lightning (7)
 i - a wand of fireball (3)
 n - a wand of frost (4)
 w - a wand of paralysis (8)
 x - a wand of disintegration (11)
 I - a wand of frost (1)
 J - a wand of digging (9)
 N - a wand of flame (16)
 O - a wand of digging (9)
 P - a wand of disintegration (5)
 Q - a wand of frost (18)
 T - a wand of cold (5)
 U - a wand of draining (1)
Comestibles
 K - 2 chokos
 L - a rotting chunk of human flesh
 M - 8 rotting chunks of fire giant flesh
 R - a banana
 V - a bread ration
Scrolls
 c - 3 scrolls of fear
 h - 8 scrolls of remove curse
 l - 5 scrolls of teleportation
 s - a scroll of enchant weapon I
 B - 3 scrolls of recharging
 C - a scroll of magic mapping
 X - a scroll of enchant armour
Jewellery
 j - a +5 ring of strength (left hand)
 k - an uncursed ring of teleportation
 D - an uncursed ring of poison resistance
 F - an amulet of clarity (around neck)
 G - an uncursed amulet of resist mutation
 H - an uncursed ring of protection from cold
 Y - the ring "Zomell" (right hand) {Wiz rF++ rC+}
   (You bought it in a shop in a bazaar)

   [ring of wizardry]

   It greatly protects you from fire.
   It protects you from cold.
Potions
 e - 2 potions of berserk rage
 o - 9 potions of restore abilities
 p - 7 potions of curing
 t - a potion of lignification
 v - a potion of magic
 E - 2 potions of brilliance
Miscellaneous
 Z - a phial of floods (inert)
Rods
 b - a +6 rod of frigid destruction (12/12)
   (You found it on level 4 of the Dungeon)
 A - a +5 rod of the swarm (10/10)
   (You found it on level 14 of the Dungeon)


   Skills:
 + Level 16.1(12.7) Fighting
 - Level 17.1(13.6) Long Blades
   Level 10.4(7.4) Axes
 - Level 0.9(0.0) Maces & Flails
 - Level 12.6(9.5) Armour
 - Level 4.6(2.0) Dodging
 * Level 22.4(18.5) Shields
 - Level 11.0(8.0) Evocations


You had 15 spell levels left.
You knew the following spells:

 Your Spells              Type           Power        Failure   Level  Hunger
a - Apportation           Tloc           #.........   47%         1    ##.....
q - Blink                 Tloc           N/A          67%         2    ###....


Dungeon Overview and Level Annotations

Branches:
Dungeon (16/16)            Temple (0/1) D:6             Orc (4/4) D:11
   Lair (8/8) D:9          Shoals (5/5) Lair:6       Spider (5/5) Lair:6
  Slime (0/6) Lair:8       Vaults (5/5) D:15          Blade (0/1) Vaults:3
 Forest (0/5) Vaults:2     Depths (0/6) D:16
    Elf: Orc:3-4

Altars:
Cheibriados
Elyvilon
Okawaru
Beogh

Shops:
D:5 (   D:10 *   D:12 [**   D:13 (   Orc:1 (   Orc:4 (([[   Shoals:3 ?
Vaults:1 [   Vaults:4 [

Portals:
Trove: Vaults:2 (give 17 potions of curing)

Annotations:
Shoals:5 exclusion: oklob plant


Innate Abilities, Weirdness & Mutations

You can walk on water.
You can tolerate rotten meat.
You have sharp toenails.


Message History

You hit the tentacled monstrosity.
The tentacled monstrosity is severely wounded.
The shadow dragon breathes negative energy at you.
The bolt of negative energy hits the tentacled monstrosity.
The tentacled monstrosity completely resists.
The bolt of negative energy hits you!
You feel drained.
* * * LOW HITPOINT WARNING * * *
You block the tentacled monstrosity's attack.
The tentacled monstrosity tentacle-slaps you.
* * * LOW HITPOINT WARNING * * *
The tentacled monstrosity constricts you.
Oreg closely misses something.
Murdo roars a battle-cry!
Something hits Oreg!
Your attempt to break free from the tentacled monstrosity fails, but you feel that another attempt might succeed.
The shadow dragon breathes negative energy at you.
The bolt of negative energy hits the tentacled monstrosity.
The tentacled monstrosity completely resists.
The bolt of negative energy hits you!
You feel drained.
You die...

. ..# . #.. ..# ≈.## ##
#.. #.T ..# ?)##{D##..#
#{{ #X%# #{{##@)### .
#oo##..# ...#
#oo##..#....#
#.)##{{###{.o.# #..
#{{###oo..#..
..##..##oo#o{oo#... #..
#.. #o§oo.......
############oo.oo)).####
........o{ooooo.........


You could see a shadow dragon, a tentacled monstrosity, a troll, the friendly
Murdo the orc knight (frenzied), the friendly Oreg the orc knight (frenzied) and
2 friendly orc warriors.

Vanquished Creatures
  Norris (Shoals:5)
  Mara (Vaults:4)
  A sphinx (Vaults:4)
  A kraken (Shoals:3)
  2 tengu reavers
  Frances (Shoals:4)
  Donald (D:15)
  2 fire giants (Vaults:4)
  A ghost moth (Spider:5)
  5 vault wardens
  3 emperor scorpions (Spider:5)
  7 stone giants
  An ettin (Vaults:3)
  10 vault guards
  2 sirens
  A deep elf high priest (D:14)
  6 hydras
  Fannar (D:10)
  2 great orbs of eyes (Vaults:1)
  Josephine (D:10)
  7 ironheart preservers
  4 yaktaur captains
  5 ogre magi
  Erica (D:16)
  2 death yaks
  A deep troll earth mage (Vaults:4)
  2 deep troll shamans (Vaults:4)
  An orc high priest (Orc:4)
  A fire crab (Vaults:4)
  A deep troll (Vaults:5)
  5 very ugly things
  A dancing weapon (Vaults:3)
  9 centaur warriors
  An iron golem (Vaults:1)
  A catoblepas (Shoals:2)
  A skeletal warrior (D:13)
  An unseen horror (D:11)
  2 deep elf knights
  3 iron trolls
  5 sea snakes
  3 orc knights
  A flaming corpse (Volcano)
  5 hill giants
  A giant amoeba (D:14)
  7 ironbrand convokers
  6 red wasps
  6 harpies
  A red wasp (shapeshifter) (Vaults:1)
  2 griffons
  20 wolf spiders
  3 spiny worms
  A sixfirhy (Vaults:3)
  A cyclops (D:15)
  3 vault sentinels
  8 yaktaurs
  A spiny frog (shapeshifter) (Vaults:1)
  2 demonic crawlers
  A spiny frog (Lair:1)
  2 orange demons (D:8)
  2 formicid venom magi
  2 mermaids
  9 orb spiders
  3 feature mimics
  3 formicid drones
  18 jumping spiders
  7 blink frogs
  A troll (Orc:4)
  2 komodo dragons
  A baby alligator (shapeshifter) (Vaults:1)
  20 slime creatures
  8 two-headed ogres
  A basilisk (Lair:8)
  2 boulder beetles
  8 snapping turtles
  A shadow (D:11)
  A grizzly bear (shapeshifter) (D:14)
  A fire giant simulacrum (Vaults:3)
  6 yaks
  16 trapdoor spiders
  5 sharks
  24 tarantellas
  A grizzly bear (Lair:4)
  24 redbacks
  The ghost of Torious the Summoner, an average DESu of Sif Muna (D:6)
  29 ugly things
  A wyvern (D:14)
  A fire elemental (Volcano)
  A deep elf mage (Vaults:3)
  An elephant slug (Lair:4)
  7 hippogriffs
  2 toenail golems (Volcano)
  A wraith (D:11)
  8 humans (D:15)
  2 clay golems (Volcano)
  13 merfolk
  5 vampire mosquitoes
  12 wolves
  2 steam dragons
  4 manticores
  Menkaure (D:5)
  3 hungry ghosts
  2 mottled dragons
  A hell hound (D:14)
  A freezing wraith (Vaults:2)
  3 porcupines
  2 black bears
  5 ice beasts
  3 sky beasts
  A phantom (D:4)
  21 ogres
  A soldier ant (shapeshifter) (Vaults:1)
  A yellow wasp (Spider:5)
  An ettin simulacrum (Vaults:3)
  2 giant goldfish
  7 orc warriors
  8 centaurs
  2 rotting devils (D:8)
  Sigmund (D:5)
  6 crocodiles
  A formicid (Spider:2)
  9 giant frogs
  6 giant slugs
  A brain worm (D:15)
  6 wargs
  5 water moccasins
  A cyclops skeleton (D:15)
  5 agate snails
  A gnoll sergeant (D:10)
  A wyvern skeleton (D:11)
  A jellyfish (Spider:1)
  A wight (D:14)
  An eye of draining (D:11)
  A troll zombie (D:10)
  A killer bee (D:8)
  2 troll skeletons
  3 goliath beetles
  A lava fish (Volcano)
  2 electric eels
  2 jellies
  6 crimson imps
  A quasit (D:9)
  A giant frog zombie (D:6)
  A yaktaur simulacrum (Vaults:1)
  3 big fish
  23 spiders
  8 hounds
  A cyclops simulacrum (D:13)
  3 orc priests
  4 orc wizards
  4 scorpions
  15 worker ants
  An iguana (Lair:5)
  An orange rat (D:7)
  A sky beast zombie (D:5)
  5 sheep
  Ijyb (D:7)
  A mottled dragon skeleton (D:9)
  2 mummies
  2 worker ant zombies (D:6)
  4 gnolls
  32 green rats
  A steam dragon zombie (D:7)
  18 adders
  3 giant centipedes
  3 giant mites
  7 worms
  An adder zombie (D:5)
  A giant centipede zombie (D:11)
  A giant eyeball (D:6)
  14 giant geckos
  3 oozes
  21 orcs
  2 ball pythons
  A bat skeleton (D:4)
  7 giant cockroaches
  4 grey rats (D:7)
  14 hobgoblins
  23 jackals
  12 quokkas
  22 bats
  3 giant newts (D:5)
  25 goblins
  19 kobolds
  A kobold skeleton (D:8)
  2 orc skeletons
  An orc zombie (Orc:4)
  2 quokka skeletons
  22 rats
  2 rat skeletons
  2 ballistomycetes (D:6)
  A fungus (Lair:3)
  2 plants
917 creatures vanquished.

Vanquished Creatures (collateral kills)
  Saint Roka (Orc:4)
  An illusory Mara (Vaults:4)
  A bone dragon (D:14)
  Arachne (Spider:3)
  A tentacled monstrosity (Vaults:3)
  2 krakens
  Polyphemus (Shoals:2)
  A tengu reaver (Vaults:4)
  Rupert (D:15)
  Agnes (Vaults:4)
  A shadow dragon (Vaults:3)
  Roxanne (Shoals:4)
  The ghost of Wolfram the Impaler, a mighty MfIE of Fedhas (Spider:3)
  Ilsuiw (Shoals:5)
  A sphinx (Vaults:4)
  3 vault wardens
  Jorgrun (Shoals:2)
  3 stone giants
  Azrael (D:14)
  4 merfolk javelineers (Shoals:5)
  4 ogre magi
  4 merfolk impalers (Shoals:5)
  A fire dragon (Vaults:1)
  24 vault guards
  6 ironheart preservers
  4 yaktaur captains
  3 sirens
  2 merfolk aquamancers (Shoals:5)
  Harold (D:10)
  7 hydras
  A ravenous feature mimic (Vaults:3)
  2 great orbs of eyes
  A dancing weapon (Vaults:3)
  A deep troll earth mage (Vaults:5)
  3 deep troll shamans
  5 death yaks
  10 centaur warriors
  Urug (D:10)
  3 very ugly things (Vaults:4)
  A fire crab (Vaults:2)
  5 unseen horrors
  2 iron trolls
  A soul eater (Shoals:4)
  A catoblepas (Lair:8)
  4 skeletal warriors
  7 sea snakes
  2 deep elf knights
  9 deep trolls
  7 hill giants
  8 orc knights
  16 harpies
  2 giant amoebae
  A griffon (D:16)
  4 ironbrand convokers
  2 oklob plants (Shoals:5)
  18 wolf spiders
  5 cyclopes
  4 elephants (Lair:8)
  3 octopodes
  2 red wasps
  A moth of wrath (Spider:5)
  An orange demon (D:8)
  9 vault sentinels
  A spiny worm (Vaults:3)
  An octopode (shapeshifter) (D:15)
  A black mamba (Lair:3)
  A feature mimic (D:13)
  4 spiny frogs
  2 fire drakes
  A queen ant (Lair:7)
  9 mermaids
  4 trolls
  A fire drake (shapeshifter) (Vaults:5)
  3 demonic crawlers
  A tengu conjurer (D:16)
  25 jumping spiders
  12 orb spiders
  A formicid drone (Spider:1)
  Sonja (D:13)
  7 komodo dragons
  A brown ooze (Lair:8)
  16 slime creatures
  2 boulder beetles
  A tarantella zombie (Spider:4)
  2 two-headed ogres
  10 snapping turtles
  8 blink frogs
  10 yaktaurs
  A fire dragon skeleton (D:16)
  A redback (shapeshifter) (Vaults:1)
  24 redbacks
  18 trapdoor spiders
  A fire giant simulacrum (Vaults:1)
  A basilisk (Lair:8)
  12 tarantellas
  22 ugly things
  14 hippogriffs
  A vampire (Vaults:2)
  27 merfolk
  A wraith (D:14)
  2 deep elf fighters
  A hungry ghost (D:11)
  4 yaks
  5 manticores
  9 soldier ants
  3 fire elementals (D:14)
  8 humans (D:15)
  9 vampire mosquitoes
  2 sharks
  16 wolves
  2 freezing wraiths
  A swamp drake (Lair:5)
  4 hell hounds (D:14)
  A mottled dragon (D:15)
  7 orc warriors
  A porcupine (Lair:2)
  2 black bears (Lair:8)
  A phantom (D:9)
  14 ogres
  13 centaurs
  2 giant goldfish
  2 sky beasts
  6 wargs
  A boring beetle (Spider:5)
  A big kobold (D:12)
  8 crocodiles
  A blink frog zombie (D:15)
  4 water moccasins
  A formicid (Spider:5)
  4 agate snails
  7 giant slugs
  15 giant frogs
  2 cyclops skeletons
  2 eyes of draining
  6 killer bees
  3 jellyfish
  A hippogriff skeleton (D:13)
  4 electric eels
  2 goliath beetles
  2 hounds
  A troll skeleton (D:10)
  2 crimson imps
  7 jellies
  A giant frog skeleton (D:13)
  17 spiders
  6 orc priests
  A quasit (D:11)
  A komodo dragon simulacrum (D:10)
  5 orc wizards
  2 big fish (Spider:5)
  4 iguanas
  3 scorpions
  12 worker ants
  6 sheep
  A spider zombie (Spider:5)
  8 gnolls
  7 adders
  37 green rats
  A big fish zombie (Spider:5)
  A giant mite (Lair:7)
  An ogre simulacrum (D:10)
  4 giant centipedes
  An ufetubus (Spider:4)
  A giant eyeball (D:9)
  2 giant geckos
  An ooze (Lair:8)
  21 orcs
  3 hobgoblins
  8 jackals
  3 kobolds (D:12)
  5 quokkas
  10 bats
  A giant spore (D:16)
  2 goblins
  A rat (Lair:6)
  A ballistomycete (D:16)
  3 bushes (Shoals:2)
  A butterfly (Lair:2)
  15 fungi
  7 plants
  7 tentacles
874 creatures vanquished.

Vanquished Creatures (others)
  2 orc warlords (Vaults:5)
  A deep troll earth mage (Vaults:3)
  A death yak (Shoals:2)
  7 orc sorcerers
  5 orc high priests
  An ice devil (Spider:3)
  A wolf spider zombie (Spider:5)
  An ironbrand convoker (Vaults:3)
  15 orc knights
  2 water elementals (Vaults:5)
  2 sixfirhies
  3 smoke demons
  A sea snake zombie (Shoals:5)
  3 red devils
  A harpy zombie (Shoals:5)
  An iron devil (Shoals:2)
  9 merfolk zombies (Shoals:5)
  An orb spider (Spider:5)
  A centaur skeleton (Vaults:3)
  3 orc zombies
  A jumping spider zombie (Spider:5)
  2 trapdoor spider zombies (Spider:5)
  2 tarantella zombies (Spider:5)
  2 agate snail zombies (Lair:4)
  24 orc warriors
  A phantom (D:6)
  A merfolk skeleton (Shoals:5)
  2 ugly thing zombies (Vaults:3)
  An ogre (Vaults:4)
  3 mermaid zombies
  A warg (Vaults:5)
  An octopode zombie (Shoals:5)
  3 human zombies (Vaults:3)
  A hell hound zombie (D:14)
  18 orc priests
  A cyclops zombie (Shoals:4)
  2 hippogriff zombies (Shoals:5)
  4 wolf zombies (Lair:8)
  6 centaur zombies
  A giant frog skeleton (D:14)
  A two-headed ogre zombie (Vaults:3)
  An elf zombie (Vaults:3)
  A big fish (Spider:3)
  A warg zombie (Vaults:2)
  A soldier ant zombie (Lair:7)
  19 orc wizards
  A human skeleton (Lair:8)
  A killer bee zombie (D:15)
  2 ogre zombies
  2 spider zombies (Spider:4)
  4 worker ant zombies (Lair:7)
  5 ufetubi
  2 adder zombies
  2 sheep zombies (Shoals:4)
  89 orcs
  A bat skeleton (Shoals:4)
  2 bat zombies
  A giant cockroach (Spider:5)
  A bat (D:4)
  A giant spore (D:6)
  A goblin skeleton (Orc:4)
  A green rat zombie (Lair:4)
  A jackal zombie (Lair:4)
  A ballistomycete (D:16)
  10 fungi
  A plant (Lair:8)
  25 tentacles
  304 tentacle segments
620 creatures vanquished.

Grand Total: 2411 creatures vanquished

Notes
Turn   | Place    | Note
--------------------------------------------------------------
     0 | D:1      | PolkaDot, the Hill Orc Fighter, began the quest for the Orb.
     0 | D:1      | Reached XP level 1. HP: 19/19 MP: 1/1
   213 | D:1      | PolkaDot: hello again :)
   348 | D:1      | Reached XP level 2. HP: 27/27 MP: 2/2
   421 | D:1      | Somebody: I have just discovered a Mnoleg cannot do much against six pack of giant and/or hydrae simulacra, while some of them are hasted.
   423 | D:1      | PolkaDot: All the discoveries :D
   423 | D:1      | PolkaDot: and hasted allies are best allies ;D
   423 | D:1      | Somebody: ...at least, they were nice about it and have not killed him out of my LOS.
   447 | D:1      | Somebody: That would have been anticlimatic.
   447 | D:1      | PolkaDot: summons can't
   447 | D:1      | PolkaDot: it was one of their nerf
   447 | D:1      | PolkaDot: wil lonly attack something you can see :p
   447 | D:1      | Somebody: Simulacra are not summons for this purpose.
   447 | D:1      | PolkaDot: other allies, like risen dead, will attack things out of los
   447 | D:1      | PolkaDot: :)
   447 | D:1      | Somebody: :D
   447 | D:1      | PolkaDot: Ohhh
   447 | D:1      | PolkaDot: YOu didn't even mention summons
   447 | D:1      | PolkaDot: *feels sheepish*
   455 | D:1      | Somebody: Yes, they have also been there.
   469 | D:1      | PolkaDot: mhmm
   481 | D:1      | Reached skill level 4 in Fighting
   518 | D:1      | Somebody: I am back to Pandemonium.
   524 | D:1      | PolkaDot: enjoy o/
   554 | D:1      | Somebody: You know, I have been here.
   566 | D:1      | PolkaDot: ?
   566 | D:1      | Reached XP level 3. HP: 24/33 MP: 3/3
   617 | D:1      | Somebody: Playing a lot of lightning-fast games does not really net very good returns, unless you are a fighter, which you are. :)
   675 | D:1      | PolkaDot: ;p
   676 | D:1      | Somebody: Good luck.
   685 | D:1      | PolkaDot: and you
  1257 | D:2      | Reached XP level 4. HP: 36/40 MP: 4/4
  1364 | D:2      | Reached skill level 5 in Axes
  1921 | D:2      | Reached XP level 5. HP: 47/47 MP: 5/5
  2164 | D:2      | Reached skill level 6 in Axes
  2940 | D:4      | Reached skill level 5 in Fighting
  2959 | D:4      | Reached skill level 7 in Axes
  2959 | D:4      | Reached XP level 6. HP: 8/56 MP: 6/6
  3382 | D:4      | Noticed an ogre
  3384 | D:4      | Paralysed by a potion of paralysis for 6 turns
  3568 | D:4      | Noticed a phantom
  3644 | D:4      | Killed a phantom
  3897 | D:4      | Became a worshipper of Beogh the Brigand
  3913 | D:4      | Killed an ogre
  3913 | D:4      | Reached skill level 8 in Axes
  3913 | D:4      | Reached XP level 7. HP: 46/62 MP: 7/7
  4108 | D:4      | Somebody: I am in the realm of Gloorx Vroq, near the gateway to the Ziggurat. It costs 208 gold pieces more than I have.
  4155 | D:4      | PolkaDot: :o
  4155 | D:4      | Somebody: I really, really hope that Pandemonium lords are not complete beggars. :)
  4155 | D:4      | Somebody: ...or that at least, I can find a weapon of distortion.
  4155 | D:4      | PolkaDot: Wait... so, if there's not enough gold in that Pandemonium region, you'll not see it again?
  4155 | D:4      | PolkaDot: if I understand Pan correctly
  4155 | D:4      | PolkaDot: that'd be evil xD
  4433 | D:4      | Noticed an orc warrior
  4464 | D:4      | Somebody: This Ziggurat, yes. Another ones, certainly.
  4646 | D:3      | dondy: https://www.youtube.com/watch?v=JGw8DWctAts
  4747 | D:3      | Somebody: Let's see about this.
  4773 | D:3      | dondy: the appropriate song for a saviour!
  4773 | D:3      | dondy: now, UNLEASH THE TABSTORM!
  4773 | D:3      | PolkaDot: XD
  4773 | D:3      | PolkaDot: Guile's theme goes with EVERYTHING
  4775 | D:4      | dondy: well, that might be true...
  4777 | D:4      | dondy: BUT STILL! :>
  4793 | D:4      | Noticed a centaur
  4793 | D:4      | Noticed a centaur
  4795 | D:4      | dondy: you have a mission and the perfect shield is lying there in wait! ;D
  4800 | D:4      | dondy: it won't listen
  4804 | D:4      | Killed a centaur
  4804 | D:4      | Reached skill level 9 in Axes
  4806 | D:4      | PolkaDot: I gathered
  4806 | D:4      | PolkaDot: had to ty though
  4806 | D:4      | PolkaDot: try*
  4811 | D:4      | PolkaDot: Lawwwwl
  4818 | D:4      | dondy: it's a good shield :<
  4818 | D:4      | Identified a +4 rod of frigid destruction (11/11) (You found it on level 4 of the Dungeon)
  4821 | D:4      | dondy: -5 ev for 15! SH :<
  4821 | D:4      | PolkaDot: it's also large
  4821 | D:4      | dondy: so? :<
  4821 | D:4      | PolkaDot: LARRRRRGE
  4821 | D:4      | PolkaDot: I;d suffer more than -5 ev
  4821 | D:4      | dondy: you only have 6 anyways
  4821 | D:4      | PolkaDot: lemme see
  4826 | D:4      | dondy: also, why is there no plate on that HOe! :p
  4840 | D:4      | dondy: 42 SH xD
  4840 | D:4      | PolkaDot: but 0 ev...
  4840 | D:4      | PolkaDot: and is 42 SH really worth it?
  4840 | D:4      | PolkaDot: I doubt it's *that* effective
  4848 | D:4      | PolkaDot: I will have to experiment
  4848 | D:4      | dondy: what makes EV better than blocking stuff? >.>
  4848 | D:4      | PolkaDot: but not with the warrior :p
  4848 | D:4      | PolkaDot: I know how reliable it is (and isn't) :p
  4872 | D:4      | PolkaDot: Now
  4872 | D:4      | PolkaDot: that just aint right
  4872 | D:4      | dondy: sheesh
  4876 | D:4      | dondy: just forget axes
  4877 | D:4      | dondy: double sword is alot better than broad axe anyways
  4877 | D:4      | PolkaDot: yes
  4877 | D:4      | PolkaDot: but
  4877 | D:4      | PolkaDot: investment
  4877 | D:4      | PolkaDot: which is more for double sword than long sword
  4877 | D:4      | PolkaDot: likie, significantly
  4877 | D:4      | dondy: thing is, you're having a 1h battle axe there
  4878 | D:4      | Somebody: Oh, double sword.
  4878 | D:4      | Somebody: Nice.
  4878 | D:4      | PolkaDot: battle axE?
  4878 | D:4      | PolkaDot: where?
  4878 | D:4      | dondy: the double sword has the same base damage
  4878 | D:4      | dondy: as a battleaxe
  4878 | D:4      | PolkaDot: oh, right
  4878 | D:4      | PolkaDot: well, yes
  4878 | D:4      | dondy: i admit i hate doing stuff like that too, but if not on d:4 - when?
  4878 | D:4      | PolkaDot: it's the best time to start, yes
  4878 | D:4      | dondy: also, HO have +1 LBl
  4878 | D:4      | PolkaDot: I'd like to now how much skill it needs before I do it though ^^;
  4878 | D:4      | PolkaDot: know*
  4878 | D:4      | dondy: hmm, 15*2-14
  4878 | D:4      | dondy: => 15+1 = 16 :p
  4878 | D:4      | PolkaDot: ... not too bad
  4878 | D:4      | dondy: that's less than a battle or broad axe needs
  4878 | D:4      | PolkaDot: I already settled on going with the sword
  4878 | D:4      | PolkaDot: Just like info :p
  4878 | D:4      | dondy: also, stop training fighting like a sissy! :p
  4878 | D:4      | PolkaDot: NU
  4878 | D:4      | dondy: you can do that later if you kill doods! :p
  4878 | D:4      | PolkaDot: it helps kill dudes!
  4878 | D:4      | dondy: (you need to focus so LBl gets up to usable level fast enough)
  4878 | D:4      | PolkaDot: duh :p
  4911 | D:3      | dondy: hmm, got a falchion?
  4925 | D:4      | Somebody: Gloorx Vroq, check.
  4925 | D:4      | dondy: long sword doesn't really help
  4925 | D:4      | dondy: also, where did your original shield go since you don't trust in the BULLZEYE :<
  4925 | D:4      | dondy: nice somebody :)
  4933 | D:4      | dondy: i guess you should use the double sword then or the handaxe for a short while
  4933 | D:4      | dondy: until you have ANY skill :p
  4933 | D:4      | PolkaDot: exactly :p
  4938 | D:5      | Entered Level 5 of the Dungeon
  4950 | D:5      | Noticed Menkaure
  4951 | D:5      | dondy: also, start playing the guile theme again...
  4951 | D:5      | PolkaDot: what a nice tele trap
  5009 | D:4      | dondy: hmm, on the other hand the double sword has protection brand
  5009 | D:4      | PolkaDot: FLEEEEEing
  5021 | D:4      | dondy: which makes your AC look less like a sissy
  5030 | D:4      | PolkaDot: xD
  5030 | D:4      | PolkaDot: shush you xP
  5044 | D:4      | dondy: try it out
  5067 | D:4      | dondy: not sure what you're trying to accomplish with running :p
  5070 | D:4      | PolkaDot: ...
  5070 | D:4      | PolkaDot: Not dying?
  5070 | D:4      | dondy: then at least tele :s
  5070 | D:4      | PolkaDot: because that looks like dying
  5072 | D:4      | dondy: it's not like orc warriors are slow
  5075 | D:4      | PolkaDot: No
  5075 | D:4      | PolkaDot: but I did step away
  5075 | D:4      | PolkaDot: and then past the stairs
  5075 | D:4      | PolkaDot: >.>
  5075 | D:4      | PolkaDot: it would have worked fine xD
  5077 | D:4      | dondy: hu?
  5077 | D:4      | dondy: also, frigid rod! :>
  5077 | D:4      | dondy: omg
  5077 | D:4      | PolkaDot: quite
  5102 | D:4      | dondy: now... wat do? :D
  5129 | D:4      | dondy: btw. you really dislike regenerating health?
  5164 | D:5      | PolkaDot: no
  5164 | D:5      | PolkaDot: not really xP
  5220 | D:5      | Reached skill level 1 in Long Blades
  5265 | D:5      | dondy: see? the weapon works fine
  5265 | D:5      | dondy: hitting doods
  5265 | D:5      | dondy: gud! :>
  5265 | D:5      | PolkaDot: against a worker ant
  5265 | D:5      | PolkaDot: NOT AN ORC WARRIOR (yet)
  5265 | D:5      | PolkaDot: :P
  5265 | D:5      | dondy: a vicious worker ant! :P
  5267 | D:5      | Found Khok's Weapon Shop.
  5273 | D:5      | Somebody: His realm have had exactly 29 gold pieces.
  5302 | D:5      | dondy: lol
  5451 | D:5      | PolkaDot: also
  5451 | D:5      | PolkaDot: WHEN it hits
  5451 | D:5      | dondy: that was a mighty dodgy gecko!
  5451 | D:5      | PolkaDot: >.>
  5452 | D:5      | dondy: but you lived to tell the tale!
  5460 | D:5      | PolkaDot: if I die before I get the skill I'mma glame you :p
  5460 | D:5      | PolkaDot: blame*
  5576 | D:5      | dondy: TAB AWWAAAAY
  5576 | D:5      | dondy: ADVANCE!
  5576 | D:5      | PolkaDot: ...
  5576 | D:5      | PolkaDot: Maybe.
  5576 | D:5      | dondy: tonight we dine
  5576 | D:5      | dondy: oh wait
  5576 | D:5      | dondy: go up and wear the shield
  5576 | D:5      | dondy: first
  5576 | D:5      | PolkaDot: because?
  5576 | D:5      | dondy: bullseye? :<
  5576 | D:5      | dondy: how's menkaure supposed to know where to hit?
  5576 | D:5      | PolkaDot: xD
  5576 | D:5      | dondy: pfff
  5576 | D:5      | PolkaDot: how about I just don't fight Menkaure?
  5576 | D:5      | PolkaDot: he hits pretty hard :s
  5576 | D:5      | Somebody: Good idea.
  5576 | D:5      | PolkaDot: and I have not enough sword skill
  5576 | D:5      | dondy: can't say i like the idea, doesn't sound entertaining >.>
  5587 | D:5      | dondy: XD
  5587 | D:5      | PolkaDot: best trapdor...
  5618 | D:4      | Somebody: Fighting something that Hastes itself and then Torments you is a patently bad idea at this point.
  5641 | D:5      | dondy: have digging?
  5671 | D:6      | dondy: really?
  5676 | D:6      | PolkaDot: No digging
  5676 | D:6      | PolkaDot: and yes really
  5676 | D:6      | dondy: sheeesh :p
  5676 | D:6      | PolkaDot: it is irritating me xD
  5676 | D:6      | PolkaDot: hey!
  5676 | D:6      | PolkaDot: yoiu wanted entertainment :p
  5706 | D:6      | dondy: but not willingly entertainment :p
  5719 | D:6      | PolkaDot: xD
  5729 | D:6      | Acquired Beogh's first power
  5731 | D:6      | dondy: that's like watching a bad standup commedian...
  5770 | D:6      | dondy: and not beeing allowed to make fun of him...
  5842 | D:6      | dondy: x3
  5842 | D:6      | Paralysed by a giant eyeball for 3 turns
  5847 | D:6      | Paralysed by a giant eyeball for 4 turns
  5853 | D:6      | Paralysed by a giant eyeball for 2 turns
  5866 | D:6      | Reached XP level 8. HP: 44/70 MP: 8/8
  5867 | D:6      | dondy: you did notice the shouting eh? :p
  5867 | D:6      | PolkaDot: Hm?
  5867 | D:6      | dondy: ^P
  5867 | D:6      | PolkaDot: after the 'splosion?
  5867 | D:6      | PolkaDot: of course
  5867 | D:6      | dondy: yeah D:
  5867 | D:6      | dondy: ah duh
  5883 | D:5      | dondy: dunnoh, i usually run back then :<
  5885 | D:6      | dondy: oh god menkaure is everywhere XD
  5885 | D:6      | PolkaDot: He won't leave me aloooone ;.;
  5905 | D:6      | Noticed Torious' ghost (average DESu)
  5906 | D:6      | dondy: oh, btw. use those id scrolls?
  5906 | D:6      | dondy: also, thab that sissy!
  5906 | D:6      | PolkaDot: on?
  5906 | D:6      | PolkaDot: scrolls?
  5906 | D:6      | PolkaDot: nah
  5906 | D:6      | PolkaDot: wait for duplicates
  5906 | D:6      | PolkaDot: use on poitons, and scrolls that saty singular for a long time
  5906 | D:6      | PolkaDot: and special things like randarts
  5908 | D:6      | dondy: hmmkey
  5917 | D:6      | Killed Torious' ghost
  5917 | D:6      | Reached skill level 5 in Long Blades
  5921 | D:6      | dondy: HA! sissy caster guy!
  6072 | D:6      | PolkaDot: xD
  6085 | D:6      | dondy: double sword is doing a fine job :3
  6089 | D:6      | PolkaDot: quite
  6108 | D:6      | dondy: scaleeeee!
  6115 | D:6      | dondy: curseeeed!
  6183 | D:5      | dondy: you're tabbing in the wrong direction
  6183 | D:5      | PolkaDot: oh for crying out loud >.<
  6183 | D:5      | PolkaDot: stupid mankaure
  6183 | D:5      | PolkaDot: ..
  6183 | D:5      | PolkaDot: men*
  6183 | D:5      | dondy: go back down and kill them
  6186 | D:5      | Noticed Sigmund
  6187 | D:5      | dondy: ....
  6187 | D:5      | PolkaDot: ...
  6187 | D:5      | dondy: you really could kill a orc warrior if you could kill a ice beast...
  6187 | D:5      | dondy: like srsly d:
  6187 | D:5      | PolkaDot: Don't think I can kill a warrior yet
  6187 | D:5      | PolkaDot: ...
  6187 | D:5      | PolkaDot: That doesn't follow
  6187 | D:5      | PolkaDot: I've bene able to kill ice beasts and had toruble with warriors before
  6187 | D:5      | PolkaDot: Not often
  6187 | D:5      | PolkaDot: But it has happened >.>
  6187 | D:5      | dondy: using sissy weapons? :p
  6187 | D:5      | PolkaDot: XD
  6187 | D:5      | dondy: anyways, wat now?
  6187 | D:5      | PolkaDot: anyways, I have a situation to think out
  6187 | D:5      | dondy: scrolls not i'd cuz "save id scrolls" :>
  6188 | D:5      | dondy: id'd
  6190 | D:5      | PolkaDot: ?
  6190 | D:5      | PolkaDot: oh
  6190 | D:5      | PolkaDot: meh
  6191 | D:5      | Somebody: I have got Tornado at 16% with one Wiz and 11% with two rings. :)
  6192 | D:5      | dondy: sorry if i'm nagging
  6192 | D:5      | PolkaDot: duuuplicates :p
  6192 | D:5      | Somebody: *Now* I can visit a Ziggurat.
  6192 | D:5      | PolkaDot: yay tornado :D
  6192 | D:5      | dondy: just don't think it's a good idea to "save" id scrolls
  6283 | D:5      | PolkaDot: It's probably
  6283 | D:5      | PolkaDot: not used things means dead
  6283 | D:5      | dondy: for what? O.o
  6283 | D:5      | PolkaDot: ?
  6283 | D:5      | PolkaDot: Don't use items
  6283 | D:5      | PolkaDot: die
  6283 | D:5      | dondy: ahh
  6283 | D:5      | dondy: duh
  6283 | D:5      | PolkaDot: It tends to follow
  6283 | D:5      | dondy: yeh
  6283 | D:5      | PolkaDot: alas, I am not dead ;p
  6284 | D:5      | dondy: yet :}
  6285 | D:5      | PolkaDot: and have spare scrolls for escaping
  6289 | D:5      | dondy: go down the stairs north
  6291 | D:5      | dondy: nooo
  6291 | D:5      | PolkaDot: I'll probably end up fleeing in a mo'
  6291 | D:5      | PolkaDot: but
  6291 | D:5      | PolkaDot: maybe Menkaure tried to follow me?
  6291 | D:5      | dondy: *tries to shove polkadot virtually down the NE stairs*
  6291 | D:5      | PolkaDot: ...
  6291 | D:5      | PolkaDot: maybe ^^
  6294 | D:5      | dondy: menkaure has haste
  6310 | D:5      | PolkaDot: yes, but without it he's slow
  6310 | D:5      | PolkaDot: that's *why* he has haste, ne?
  6312 | D:5      | dondy: with haste he's faster than you iirc :<
  6315 | D:5      | PolkaDot: workable
  6315 | D:5      | PolkaDot: trussst in meeee
  6336 | D:6      | PolkaDot: seee :)
  6337 | D:6      | dondy: blowgun and pelt him! :<
  6337 | D:6      | PolkaDot: ...
  6337 | D:6      | PolkaDot: blowgun?
  6456 | D:6      | dondy: urgh :p
  6496 | D:6      | Somebody: I am here.
  6501 | D:6      | Somebody: Be careful.
  6512 | D:6      | PolkaDot: hrm
  6512 | D:6      | PolkaDot: stupid imp
  6512 | D:6      | dondy: https://www.youtube.com/watch?v=cBXKbytezcU
  6512 | D:6      | PolkaDot: xD
  6531 | D:5      | dondy: ...
  6531 | D:5      | PolkaDot: it'll do
  6533 | D:6      | Somebody: Yes, good reatreat. :)
  6557 | D:6      | dondy: now heal up please
  6557 | D:6      | PolkaDot: duh
  6557 | D:6      | dondy: before running into more doods x3
  6557 | D:6      | PolkaDot: just sacrificing some orcs first ;p
  6557 | D:6      | PolkaDot: 'cause they'll rot
  6557 | D:6      | PolkaDot: and then no piety
  6557 | D:6      | Somebody: What can you do with Beogh now?
  6557 | D:6      | PolkaDot: which MUCH MORE IMPORTANT than surviving :D
  6557 | D:6      | PolkaDot: nothing active
  6994 | D:6      | Found a staircase to the Ecumenical Temple.
  7037 | D:6      | Somebody: Orchish gear is nice.
  7142 | D:7      | PolkaDot: mhmm
  7150 | D:7      | Acquired Beogh's second power
  7150 | D:7      | Reached XP level 9. HP: 54/75 MP: 9/9
  7151 | D:7      | dondy: you're really avoiding a orc warrior with a falchion but running into a ogre?
  7151 | D:7      | PolkaDot: >.>
  7151 | D:7      | dondy: just asking :p
  7151 | D:7      | Somebody: I mean, it's most likely quite ugly, but in your situation it's good.
  7151 | D:7      | PolkaDot: call me odd, but the general impression has been that while ogre's hit harder
  7151 | D:7      | PolkaDot: they're easier
  7151 | D:7      | PolkaDot: just don't get hit before you can handle it :p
  7164 | D:7      | dondy: hmm, they are but still :p
  7187 | D:7      | Found a white marble altar of Elyvilon.
  7272 | D:7      | PolkaDot: finally :)
  7336 | D:7      | PolkaDot: ok
  7336 | D:7      | PolkaDot: NOW it's getting pretty good :D
  7367 | D:7      | Noticed Ijyb
  7376 | D:7      | Killed Ijyb
  7389 | D:7      | dondy: ijib, threatning!
  7394 | D:7      | PolkaDot: ?
  7394 | D:7      | PolkaDot: lawwwl
  7423 | D:7      | dondy: he was hiding in a pack of rats
  7596 | D:7      | PolkaDot: xD
  7596 | D:7      | dondy: also, really dunnoh what you're saving up those id scrolls for - a id scroll trove?
  7596 | D:7      | PolkaDot: lol
  7596 | D:7      | PolkaDot: no
  7596 | D:7      | PolkaDot: because REASONS
  7596 | D:7      | dondy: you could be missing out on EA/EW
  7596 | D:7      | PolkaDot: because I've never got one when I need and 90% of the time, a situation is manageable without them
  7596 | D:7      | dondy: ok, maybe not EA
  7596 | D:7      | PolkaDot: EW would be nice, but eh, it'll turn up
  7629 | D:7      | dondy: >.<'
  7644 | D:7      | PolkaDot: You'll learn to hate m eyet ;P
  7777 | D:7      | dondy: id the wand :p
  7827 | D:7      | PolkaDot: totes saw the wand
  7827 | D:7      | PolkaDot: and nnu
  8010 | D:7      | dondy: also, i really dun hate you - as long as you can keep up with my nagging :>
  8010 | D:7      | PolkaDot: easy peasy ;)
  8010 | D:7      | dondy: hehehe
  8010 | D:7      | PolkaDot: I'll even give you things to nag about! :D
  8010 | D:7      | dondy: (you really had to id that book...)
  8088 | D:6      | PolkaDot: don't try to make sense of me... really, please, don't >.<
  8088 | D:6      | dondy: i'm not :p
  8088 | D:6      | PolkaDot: There was small part of me saying "what a waste, it's not like you're going to train magic enough for a high level book, SO DON'T"
  8088 | D:6      | PolkaDot: and then I did
  8088 | D:6      | PolkaDot: like, dafuq brain xD
  8239 | D:5      | Reached skill level 10 in Long Blades
  8287 | D:5      | dondy: i just am confused you'd rather carry useless consumables (unid'd scrolls and pots) - i will so make you id your crap early so you can use it :P
  8288 | D:5      | PolkaDot: good luck
  8288 | D:5      | PolkaDot: and I do id pots
  8288 | D:5      | PolkaDot: when I remmeber to
  8288 | D:5      | dondy: did you install the nethand yet? :p
  8296 | D:5      | Killed Sigmund
  8296 | D:5      | Acquired Beogh's third power
  8297 | D:5      | Found a snail-covered altar of Cheibriados.
  8298 | D:5      | PolkaDot: No
  8298 | D:5      | PolkaDot: NEVAAAHHHH
  8398 | D:5      | dondy: damn! :D
  8411 | D:5      | dondy: use stones, don't tab x[
  8411 | D:5      | PolkaDot: ...
  8411 | D:5      | dondy: you're ruining the sword x[
  8411 | D:5      | PolkaDot: that's a good idea
  8411 | D:5      | PolkaDot: that's worth iding for >>
  8416 | D:5      | dondy: :/
  8449 | D:5      | PolkaDot: ah
  8449 | D:5      | dondy: assassin boots :0
  8459 | D:5      | dondy: i mean, ass boots
  8461 | D:5      | PolkaDot: +2 AC is nice
  8461 | D:5      | PolkaDot: lol at the stealth though xD
  8486 | D:5      | dondy: they also give you vision and let you stab with any weapon
  8486 | D:5      | dondy: (imagine GSC stabbing)
  8596 | D:5      | Killed Menkaure
  8597 | D:5      | PolkaDot: :o
  8597 | D:5      | PolkaDot: like, dagger stabbing?
  8597 | D:5      | dondy: yes, but with actually usefull base damage
  8597 | D:5      | PolkaDot: omai
  8597 | D:5      | PolkaDot: OMAI
  8597 | D:5      | PolkaDot: ...
  8597 | D:5      | dondy: that's even useful for you because distraction gives stabs
  8597 | D:5      | PolkaDot: omai~
  8605 | D:6      | dondy: as i said, ass boots :0
  8668 | D:8      | Reached skill level 11 in Long Blades
  8793 | D:8      | PolkaDot: I has some dudes :D
  8869 | D:8      | Noticed an orange demon
  8880 | D:8      | Killed an orange demon
  8904 | D:8      | Noticed an orange demon
  8905 | D:8      | Noticed an orange demon
  8936 | D:8      | Killed an orange demon
  8936 | D:8      | Reached skill level 12 in Long Blades
  8936 | D:8      | Reached XP level 10. HP: 59/83 MP: 10/10
  8948 | D:8      | Killed an orange demon
  9483 | D:9      | Reached skill level 13 in Long Blades
  9648 | D:9      | dondy: i hope you let your doods pick up stuff
  9653 | D:9      | PolkaDot: naturally
  9654 | D:9      | Reached skill level 1 in Dodging
  9816 | D:9      | Paralysed by a giant eyeball for 4 turns
  9823 | D:9      | Paralysed by a giant eyeball for 4 turns
  9858 | D:9      | Found a staircase to the Lair.
  9964 | D:9      | Acquired Beogh's fourth power
 10209 | Lair:1   | Entered Level 1 of the Lair of Beasts
 10217 | Lair:1   | dondy: hmm, can you recall your doods?
 10219 | Lair:1   | dondy: interlevel thingy like a DK?
 10219 | Lair:1   | PolkaDot: I dunno
 10219 | Lair:1   | PolkaDot: Find out soon
 10554 | Lair:1   | dondy: magic ball of spiders! :O
 10556 | Lair:1   | PolkaDot: xD
 10629 | Lair:1   | Gained Jorge as an ally
 10630 | Lair:1   | dondy: it's awesome when you want to kill all your fellow doods with nets :}
 10630 | Lair:1   | PolkaDot: xD
 10630 | Lair:1   | PolkaDot: I'll not use it in their immediate vicinty then :p
 10674 | Lair:1   | dondy: heh
 10703 | Lair:1   | dondy: also, you might want to take a dip into orc:1 for more orc bros
 10722 | Lair:1   | PolkaDot: Hmm.
 10722 | Lair:1   | dondy: since more bros are better than less bros
 10722 | Lair:1   | PolkaDot: Good point
 10722 | Lair:1   | dondy: it's bro-logic
 10722 | Lair:1   | PolkaDot: I'll just finish L:1
 10744 | Lair:1   | dondy: PLAAATE
 10748 | Lair:1   | dondy: PLAEEEET
 10764 | Lair:1   | PolkaDot: xD
 10782 | Lair:1   | dondy: i meant to say:
 10802 | Lair:1   | dondy: dear sir, why art thou ignoring that mighty fine armour there?
 10819 | Lair:1   | PolkaDot: I r not
 10819 | Lair:1   | PolkaDot: ...
 10819 | Lair:1   | PolkaDot: needs more armour skill
 10819 | Lair:1   | PolkaDot: :)
 10819 | Lair:1   | dondy: why?
 10819 | Lair:1   | PolkaDot: encumberance is a thing
 10819 | Lair:1   | PolkaDot: it encumbers
 10819 | Lair:1   | dondy: you're really training dodging that early...
 10819 | Lair:1   | PolkaDot: I've often got five by the time I start Lair
 10819 | Lair:1   | PolkaDot: how do you do it?
 10819 | Lair:1   | dondy: if you're heavy armour guy you can ignore dodging for quite a while D:
 10819 | Lair:1   | PolkaDot: true
 10819 | Lair:1   | PolkaDot: different play-through than I'm used to
 10819 | Lair:1   | PolkaDot: I really should stop following habit
 10819 | Lair:1   | dondy: hmm, how did i do it on the mibe
 10827 | Lair:1   | dondy: hmm, i didn't find the heavy armour until lair:8
 10835 | Lair:1   | dondy: so there's that :}
 10835 | Lair:1   | PolkaDot: xD
 10835 | Lair:1   | dondy: but yeah, 12-15 armour before training dodging at all
 10835 | Lair:1   | dondy: i'd say
 10835 | Lair:1   | PolkaDot: I'll do that then
 10835 | Lair:1   | dondy: getting rid of most of the evp from shield and armour first
 10835 | Lair:1   | PolkaDot: also
 10835 | Lair:1   | dondy: sounds like a plan before dodging
 10835 | Lair:1   | PolkaDot: correct me if I'm wrong, but there's an encumberance for shields too
 10835 | Lair:1   | PolkaDot: as in, they get in the way of fighting
 10835 | Lair:1   | dondy: yeah
 10835 | Lair:1   | dondy: but it's not that bad really
 10835 | Lair:1   | dondy: lemme check
 10835 | Lair:1   | dondy: hmm, ok - my hohe is a bad example
 10835 | Lair:1   | dondy: but you can use a large shield with only 15 Shield skill
 10835 | Lair:1   | dondy: unless you're casting spells ofc
 10835 | Lair:1   | dondy: spellcasting penalty stinks for all heavy armour crap
 10835 | Lair:1   | PolkaDot: I'll see how it goes
 10854 | Lair:1   | dondy: also negative EV or AC doesn't increase damage taken
 10854 | Lair:1   | PolkaDot: I know that
 10855 | Lair:1   | dondy: just saying because i totally didn't know :p
 10880 | Lair:1   | PolkaDot: xD
 11089 | D:10     | Entered Level 10 of the Dungeon
 11090 | D:10     | dondy: interlevel recaaaaal
 11091 | D:10     | dondy: w00h000
 11098 | D:10     | dondy: careful
 11099 | D:10     | Noticed Josephine
 11104 | D:10     | Noticed Fannar
 11105 | D:10     | PolkaDot: Fannar
 11105 | D:10     | dondy: fog?
 11105 | D:10     | PolkaDot: ohhh, good idea
 11105 | D:10     | PolkaDot: silence when he's closer :)
 11108 | D:10     | Killed Josephine
 11108 | D:10     | Reached skill level 5 in Armour
 11108 | D:10     | Reached XP level 11. HP: 64/89 MP: 11/11
 11117 | D:10     | Killed Fannar
 11117 | D:10     | dondy: nooo
 11118 | D:10     | dondy: orc knight bro walked into the simulacra remains...
 11118 | D:10     | PolkaDot: I'll get another soon
 11139 | D:10     | dondy: silly ai :<
 11150 | D:10     | PolkaDot: quite
 11152 | D:10     | Noticed a hill giant
 11153 | D:10     | dondy: you really expect orcs to pick up a sissy cloth?
 11154 | D:10     | PolkaDot: xD
 11154 | D:10     | PolkaDot: no, not really
 11154 | D:10     | dondy: hehehe
 11154 | D:10     | Noticed Urug
 11155 | D:10     | dondy: ouch
 11155 | D:10     | PolkaDot: FLEEEEEEE
 11155 | D:10     | dondy: maybe not a good plan to go for orc:1
 11155 | D:10     | PolkaDot: Uhhuh
 11165 | D:10     | Killed a hill giant
 11259 | D:9      | dondy: sheesh
 11284 | D:9      | PolkaDot: Guess I'll do Lair ;p
 11413 | Lair:2   | PolkaDot: No
 11413 | Lair:2   | PolkaDot: wait
 11413 | Lair:2   | PolkaDot: No
 11413 | Lair:2   | PolkaDot: ...
 11413 | Lair:2   | PolkaDot: FLEE
 11413 | Lair:2   | dondy: hmm?
 11422 | Lair:2   | PolkaDot: Hydra
 11422 | Lair:2   | PolkaDot: How do I expect to kill hydra?
 11422 | Lair:2   | dondy: wands?
 11422 | Lair:2   | PolkaDot: only wand of lightning with the power, really
 11422 | Lair:2   | dondy: well, you could continue in D since the hill giant died
 11422 | Lair:2   | PolkaDot: 'tis my thinking
 11422 | Lair:2   | dondy: also, your orcs are pretty good at throwing javs
 11422 | Lair:2   | dondy: and urug shouldn't be a problem to a orc knight
 11422 | Lair:2   | PolkaDot: ...
 11422 | Lair:2   | PolkaDot: mhmm
 11668 | D:10     | Noticed a hill giant
 11677 | D:10     | Killed a hill giant
 11677 | D:10     | Reached skill level 14 in Long Blades
 11768 | D:10     | Killed Urug
 11773 | D:10     | dondy: wellp, gl with your orc bros
 11774 | D:10     | dondy: imma go to sleep :)
 11774 | D:10     | PolkaDot: :) thanks
 11774 | D:10     | PolkaDot: enjoy
 11908 | D:10     | Found Yrin Gang's General Store.
 11955 | D:10     | Bought a scroll of enchant weapon II for 55 gold pieces
 11955 | D:10     | Bought a scroll of enchant weapon I for 55 gold pieces
 11955 | D:10     | Bought a cursed ring of hunger for 20 gold pieces
 11968 | D:10     | Noticed Harold
 11973 | D:10     | Killed Harold
 11973 | D:10     | Gained Okrist as an ally
 11975 | D:10     | Acquired Beogh's fifth power
 12275 | D:11     | Noticed a hill giant
 12282 | D:11     | Killed a hill giant
 12503 | D:11     | Noticed a hill giant
 12503 | D:11     | Noticed a four-headed hydra
 12516 | D:11     | Killed a four-headed hydra
 12516 | D:11     | Gained Ognian as an ally
 12535 | D:11     | Killed a hill giant
 12778 | D:11     | Killed an unseen horror
 13106 | D:11     | Found a staircase to the Orcish Mines.
 13491 | Lair:2   | Reached XP level 12. HP: 93/96 MP: 12/12
 13536 | Lair:2   | Reached skill level 10 in Armour
 13651 | Lair:2   | Gained Ognian as an ally
 13651 | Lair:2   | Reached skill level 1 in Evocations
 14739 | Lair:3   | Noticed a four-headed hydra
 14745 | Lair:3   | Killed a five-headed hydra
 15572 | Lair:4   | Reached skill level 15 in Long Blades
 15574 | Lair:4   | Reached skill level 5 in Evocations
 15594 | Lair:4   | Found a hole to the Spider Nest.
 15616 | Lair:4   | the hole to the Spider Nest was a mimic.
 16132 | Lair:5   | Noticed an eight-headed hydra
 16144 | Lair:5   | Killed an eight-headed hydra
 16980 | Lair:6   | Found a staircase to the Shoals.
 16982 | Lair:6   | Noticed a five-headed hydra
 16987 | Lair:6   | Killed a five-headed hydra
 17019 | Lair:6   | Noticed a four-headed hydra
 17029 | Lair:6   | Killed a five-headed hydra
 17192 | Lair:6   | Found a hole to the Spider Nest.
 17517 | Lair:7   | Gained Oreg as an ally
 17755 | Lair:7   | Reached XP level 13. HP: 100/102 MP: 24/24
 17809 | Lair:7   | Gained mutation: You have sharp toenails. [potion of beneficial mutation]
 18328 | Lair:7   | Noticed a six-headed hydra
 18333 | Lair:7   | Killed a seven-headed hydra
 18360 | Lair:7   | Gained Ugrim as an ally
 18473 | Lair:7   | Somebody: I see you're still the same character. :)
 18473 | Lair:7   | PolkaDot: oh yes
 18473 | Lair:7   | PolkaDot: and I have some very nice freinds
 18473 | Lair:7   | Somebody: Good job, and I've found a Ziggurat that I can enter.
 18473 | Lair:7   | PolkaDot: one of which summons MORE friends
 18473 | Lair:7   | Somebody: Whom have you got?
 18473 | Lair:7   | PolkaDot: :o
 18473 | Lair:7   | PolkaDot: H's called Okrist :3
 18473 | Lair:7   | Somebody: Very nice.
 18473 | Lair:7   | PolkaDot: you gonna do that Ziggy?
 18473 | Lair:7   | Somebody: Of course.
 18473 | Lair:7   | PolkaDot: :D
 18473 | Lair:7   | PolkaDot: be careful :)
 18480 | Lair:7   | Somebody: What's the worst that could happen? :p
 18480 | Lair:7   | PolkaDot: half a dozen Daevas?
 18480 | Lair:7   | PolkaDot: ;p
 18723 | Lair:8   | Entered Level 8 of the Lair of Beasts
 18727 | Lair:8   | Somebody: We'll see. :)
 18773 | Lair:8   | Found a staircase to the Slime Pits.
 19069 | Lair:8   | Somebody: Very nice.
 19069 | Lair:8   | PolkaDot: it is :)
 19070 | Lair:8   | Somebody: How did you get that sorceror to follow you?
 19215 | Lair:8   | PolkaDot: I didn't
 19215 | Lair:8   | PolkaDot: it was a wizard
 19215 | Lair:8   | PolkaDot: but he was AWESOME
 19215 | Lair:8   | PolkaDot: so he got promoted ;p
 19215 | Lair:8   | PolkaDot: (xp gain promotes orcs)
 19215 | Lair:8   | Somebody: Very nice. Can he become something greater still?
 19298 | Lair:8   | Reached skill level 10 in Evocations
 19312 | Lair:8   | Somebody: My ettin simulacra are very cool too, mind you. ;)
 19312 | Lair:8   | PolkaDot: sorcerers don't get promoted no
 19312 | Lair:8   | PolkaDot: knights, however, become Warlords
 19825 | Lair:8   | Reached skill level 16 in Long Blades
 19826 | Lair:8   | PolkaDot: BOOM
 19826 | Lair:8   | PolkaDot: Orc High Priest
 19826 | Lair:8   | PolkaDot: (priests get promoted too ;p )
 19955 | Lair:8   | Somebody: Congradulations.
 20123 | Lair:2   | Somebody: Take care not to take them to the Pandemonium with you. :)
 20123 | Lair:2   | PolkaDot: NOT take them?
 20123 | Lair:2   | PolkaDot: Are you crazy?
 20123 | Lair:2   | Somebody: Yes. They can be left behind.
 20123 | Lair:2   | PolkaDot: They'll summon demons to kill demons! ;p
 20123 | Lair:2   | PolkaDot: Though
 20123 | Lair:2   | PolkaDot: I don't know if that's the best way to go about it
 20123 | Lair:2   | PolkaDot: ... I could always leave 'em and recall 'em if I need to
 20123 | Lair:2   | PolkaDot: we'll see if I get that far
 20123 | Lair:2   | PolkaDot: though
 20123 | Lair:2   | PolkaDot: I only want a three-rune, so no Pan in this game :)
 20123 | Lair:2   | Somebody: ...and not Recalled. There have a related bug about it someplace, check beforehand whether it have been fixed. :)
 20157 | Lair:2   | PolkaDot: I'll have a peruse
 20157 | Lair:2   | PolkaDot: thanks :)
 20157 | Lair:2   | Somebody: Keep it up and come see me in a bit of time.
 20157 | Lair:2   | PolkaDot: sure
 20157 | Lair:2   | PolkaDot: I'll want to know how the xig's going ;)
 20157 | Lair:2   | PolkaDot: zig's*
 20176 | Lair:2   | PolkaDot: I'd best get ready for bed, get som etea, I'll be back soon!
 20176 | Lair:2   | Upgraded the game from 0.14-a0-1444-g21dc12d to 0.14-a0-1474-g1105da3
 20420 | D:12     | Found Kalong's Antique Armour Emporium.
 20450 | D:12     | Found Zyd Yfuz's Assorted Antiques.
 20466 | D:12     | Bought a crystal great sword for 330 gold pieces
 20467 | D:12     | Identified the +2,+3 great sword "Udin Skeu" {elec, MR+} (You bought it in a shop on level 12 of the Dungeon)
 20745 | D:12     | Found a white marble altar of Elyvilon.
 20859 | D:12     | Found Ylivimn's Assorted Antiques.
 21004 | D:13     | Noticed Sonja
 21024 | D:13     | Killed Sonja
 21085 | D:13     | Gained Morun as an ally
 21197 | D:13     | Reached skill level 5 in Shields
 21230 | D:13     | Reached XP level 14. HP: 110/110 MP: 11/28
 21283 | D:13     | Got a pitted ring mail
 21284 | D:13     | Identified the +6 ring mail of Ladders and Snakes {Str+3 Int+2} (You found it on level 13 of the Dungeon)
 21342 | D:13     | Found Werr's Antique Weapon Shop.
 21349 | D:13     | Bought a polished executioner's axe for 615 gold pieces
 21350 | D:13     | Identified the cursed +4,-2 executioner's axe "Klily" {flame, rElec} (You bought it in a shop on level 13 of the Dungeon)
 21710 | D:14     | Noticed Azrael
 21727 | D:14     | Killed Azrael
 21732 | D:14     | Identified a scroll of acquirement
 21963 | D:14     | dondy: oh you still live :o
 22123 | D:14     | dondy: nice equip :3
 22210 | D:14     | Noticed a tengu reaver
 22211 | D:14     | Reached skill level 10 in Axes
 22219 | D:14     | Killed a tengu reaver
 22240 | D:14     | PolkaDot: shield of resistance
 22240 | D:14     | dondy: i saw
 22240 | D:14     | PolkaDot: is nice, because resists x3
 22240 | D:14     | PolkaDot: the ring mail is only 1 acshort of the plate
 22240 | D:14     | PolkaDot: so that's not too shabby :)
 22240 | D:14     | dondy: hmm, you should enchant your double sword properly and rebrand it :<
 22240 | D:14     | PolkaDot: I want to
 22240 | D:14     | PolkaDot: but brand scrolls aren't exactly common :p
 22240 | D:14     | dondy: dive depths :P
 22240 | D:14     | dondy: for EW ;}
 22240 | D:14     | PolkaDot: Nu xP
 22240 | D:14     | PolkaDot: branches first
 22240 | D:14     | dondy: pfff
 22240 | D:14     | PolkaDot: And maybe elf :D
 22240 | D:14     | PolkaDot: For which I'd use the great sword
 22240 | D:14     | PolkaDot: because MR ^^;
 22240 | D:14     | Noticed a bone dragon
 22251 | D:14     | Killed a bone dragon
 22461 | D:14     | dondy: yeh, elec greatsword isnt -- wtf are you training axes for...
 22461 | D:14     | dondy: that -2 exec axe? >.>
 22461 | D:14     | PolkaDot: Flame
 22461 | D:14     | PolkaDot: though
 22461 | D:14     | dondy: really?
 22461 | D:14     | PolkaDot: We are outdamaging hydras
 22461 | D:14     | PolkaDot: >.>
 22461 | D:14     | PolkaDot: did it first thing this morning, leave me alone xP
 22464 | D:14     | dondy: you're outdamaging hydras with lblades too :p
 22464 | D:14     | PolkaDot: that's what I meant :p
 22464 | D:14     | dondy: you really need that nethand :p
 22464 | D:14     | PolkaDot: thing got to 12-headed
 22464 | D:14     | PolkaDot: it was... amusing
 22465 | D:14     | dondy: i mean i really need you to get it to work ;}
 22470 | D:14     | PolkaDot: xD
 22557 | D:15     | Entered Level 15 of the Dungeon
 22579 | D:15     | Gained Oreg as an ally
 22584 | D:15     | Gained Jorge as an ally
 22766 | D:15     | Somebody: Hi. How are you doing?
 22783 | D:15     | PolkaDot: quite alright
 22783 | D:15     | PolkaDot: and yourself?
 22825 | D:15     | Somebody: I have had a very interested episode on the holy Ziggurat floor recently. Take a look at my milestone if you wish, it's a lot of fun.
 22826 | D:15     | Somebody: ...and improbable odds.
 23184 | D:15     | Somebody: I'll be going now. Take care.
 23368 | D:15     | Noticed Donald
 23368 | D:15     | Found a gate to the Vaults.
 23370 | D:15     | Noticed Rupert
 23396 | D:15     | Killed Rupert
 23404 | D:15     | Killed Donald
 23940 | D:15     | Gained Boldo as an ally
 23946 | D:15     | Reached skill level 17 in Long Blades
 24231 | D:16     | Entered Level 16 of the Dungeon
 24352 | D:16     | Noticed Erica
 24359 | D:16     | Killed Erica
 24389 | D:16     | dondy: btw. getting haste online is pretty notable with yourself and your allies
 24389 | D:16     | dondy: (hasted orc warlords <3)
 24389 | D:16     | dondy: though you sadly can't do much more for your allies
 24389 | D:16     | dondy: also, don't use the fire/earth evocables ... they will make your allies pouty
 24389 | D:16     | PolkaDot: saves making ptoentially fatal mistakes
 24389 | D:16     | PolkaDot: Thank you :)
 24389 | D:16     | PolkaDot: And I know haste is a very good thing to have
 24389 | D:16     | PolkaDot: and -1's not a terrible apt :D
 24389 | D:16     | PolkaDot: brb
 24389 | D:16     | dondy: i got really embarassed once on a DK on D:27 with that - making all my allies pouty just before going zot :/
 24389 | D:16     | dondy: (there's no warning on the use of stone of tremors)
 24389 | D:16     | PolkaDot: :o
 24722 | D:16     | Found a staircase to the Depths.
 24724 | D:16     | PolkaDot: assassin boots <3
 24733 | D:16     | dondy: careful, that tengu can cast lightning crap and such
 24734 | D:16     | dondy: bad for your ally doods :>
 24734 | D:16     | PolkaDot: quite
 24742 | D:16     | Your ally Jorge died
 24772 | D:16     | dondy: xD
 24772 | D:16     | PolkaDot: ... Huh
 24772 | D:16     | dondy: i never seen so many double swords in a game :p
 24772 | D:16     | PolkaDot: It is certainly unusual ^^;;
 24772 | D:16     | dondy: but yours is already enchanted...
 24809 | D:16     | PolkaDot: quite
 24809 | D:16     | PolkaDot: the game REALY wants me to be aswordsman
 24809 | D:16     | dondy: could still strangle you for corroding it :p
 24809 | D:16     | PolkaDot: xD;;
 24809 | D:16     | PolkaDot: I have been sending my chums in to fight Jellies now
 24809 | D:16     | PolkaDot: lesson learnt :)
 24810 | D:16     | dondy: or just throw stones
 24810 | D:16     | dondy: it works pretty good
 24812 | D:16     | dondy: stones are handy anyways - kill spores/jellies and for getting the attention of asshats
 24813 | D:16     | PolkaDot: I'll grab a bunch
 24813 | D:16     | PolkaDot: any particular amount?
 25102 | D:16     | dondy: uhhh, 20? :p
 25102 | D:16     | dondy: but it's kinda late for that D:
 25102 | D:16     | PolkaDot: 20?
 25102 | D:16     | PolkaDot: oh yes
 25102 | D:16     | PolkaDot: >.>
 25102 | D:16     | PolkaDot: So shall I not bother? xD;
 25102 | D:16     | dondy: nawh
 25102 | D:16     | dondy: but next time you die and start again you should :)
 25102 | D:16     | PolkaDot: TIL :)
 25378 | Lair:2   | Identified a cursed +5 rod of the swarm (10/10) (You found it on level 14 of the Dungeon)
 25382 | Lair:2   | PolkaDot: good point to save for dinner, me thinks
 25382 | Lair:2   | PolkaDot: then, on to shoals
 25382 | Lair:2   | PolkaDot: Where I'll walk on water :D
 25382 | Lair:2   | dondy: oh right, beogh helping ;D
 25382 | Lair:2   | PolkaDot: \p
 25382 | Lair:2   | PolkaDot: \o
 25540 | Shoals:1 | Entered Level 1 of the Shoals
 25544 | Shoals:1 | Reached XP level 15. HP: 106/115 MP: 26/29
 25614 | Shoals:1 | Reached skill level 10 in Shields
 25692 | Shoals:1 | Gained Hilgar as an ally
 26067 | Shoals:1 | Your ally Oreg died
 26259 | Shoals:2 | Noticed Jorgrun
 26269 | Shoals:2 | Killed Jorgrun
 26275 | Shoals:2 | Noticed Polyphemus
 26279 | Shoals:2 | Your ally Jorge died
 26285 | Shoals:2 | Killed Polyphemus
 26287 | Shoals:2 | Gained Wargrak as an ally
 26889 | Shoals:3 | Your ally Boldo died
 26891 | Shoals:3 | Gained Harm as an ally
 26976 | Shoals:3 | Found Rogih's Magic Scroll Boutique.
 26982 | Shoals:3 | Bought a scroll of acquirement for 520 gold pieces
 27272 | Shoals:3 | Noticed a kraken
 27285 | Shoals:3 | Killed a kraken
 27529 | Shoals:4 | Gained Boruk as an ally
 27547 | Shoals:4 | Your ally Morun died
 27595 | Shoals:4 | Noticed Frances
 27609 | Shoals:4 | Killed Frances
 27838 | Shoals:4 | Your ally Hilgar died
 27840 | Shoals:4 | Your ally Harm died
 27851 | Shoals:4 | Killed a kraken
 28016 | Shoals:4 | Noticed Roxanne
 28032 | Shoals:4 | Killed Roxanne
 28581 | Shoals:4 | dondy: i see you're still not dead :p
 28582 | Shoals:4 | PolkaDot: apparently :p
 28787 | Shoals:5 | Entered Level 5 of the Shoals
 28794 | Shoals:5 | Your ally Ognian died
 28798 | Shoals:5 | PolkaDot: shoals has done in a good number of my congregation :(
 28802 | Shoals:5 | dondy: well you can still do quite a bit of orc?
 28806 | Shoals:5 | PolkaDot: Oh yes :D
 28808 | Shoals:5 | dondy: also, in depths you may get orc warlords if that hasn't been removed
 28809 | Shoals:5 | PolkaDot: I think yes
 28809 | Shoals:5 | PolkaDot: though not quite sure
 28975 | Shoals:5 | dondy: hmm, are you doing shoals first? >.>...
 28979 | Shoals:5 | PolkaDot: I figured, why not xP
 28979 | Shoals:5 | dondy: ...
 28979 | Shoals:5 | PolkaDot: I seemed doable
 28979 | Shoals:5 | PolkaDot: It
 28979 | Shoals:5 | dondy: because aquamancers and javeleneers kick your ass?
 28979 | Shoals:5 | PolkaDot: I dunno
 28979 | Shoals:5 | PolkaDot: That went rather well xD
 28979 | Shoals:5 | dondy: no wonder you're losing allies left n' right :P
 28979 | Shoals:5 | dondy: though i'm not sure - spider might also be quite dangerous for them
 28979 | Shoals:5 | PolkaDot: Warlord aside, would they really be able to keep up if I did do Orc first?
 28979 | Shoals:5 | PolkaDot: At least now, I can be more certain of Warlord's turning to my side ;)
 28988 | Shoals:5 | dondy: well, the main problem is managing them so you take the damage instead of them
 28988 | Shoals:5 | PolkaDot: Yeah
 28988 | Shoals:5 | dondy: so you actually get warlords in the first place
 28988 | Shoals:5 | PolkaDot: I need to learn how to manage them
 28988 | Shoals:5 | PolkaDot: :s
 28988 | Shoals:5 | PolkaDot: a few google's haven't turne dup much
 28988 | Shoals:5 | dondy: the HOPr guide on the wiki isn't really helpful... sadly
 28988 | Shoals:5 | PolkaDot: I noticed ^^;
 29015 | Shoals:5 | Gained Orkwin as an ally
 29020 | Shoals:5 | dondy: move inside ffs
 29046 | Shoals:5 | PolkaDot: Why?
 29046 | Shoals:5 | PolkaDot: that was easy
 29046 | Shoals:5 | PolkaDot: xD
 29210 | Shoals:5 | dondy: so your allies gain experience :p
 29238 | Shoals:5 | PolkaDot: Hm
 29238 | Shoals:5 | PolkaDot: fair point...
 29325 | Shoals:5 | dondy: oh also: throwing nets/ blowgun + curare and such is excellent with portal projectile should you find it
 29325 | Shoals:5 | dondy: also, i'm totally not watching this
 29325 | Shoals:5 | PolkaDot: xD
 29325 | Shoals:5 | dondy: *gauges out eyes*
 29333 | Shoals:5 | PolkaDot: easy :p
 29333 | Shoals:5 | dondy: you used a blink scroll
 29333 | Shoals:5 | PolkaDot: one
 29333 | Shoals:5 | PolkaDot: it's not something I make a habit of
 29334 | Shoals:5 | Reached XP level 16. HP: 69/129 MP: 28/29
 29336 | Shoals:5 | Got a barnacled rune of Zot
 29580 | Shoals:5 | dondy: hmm, where did your bullseye go?
 29589 | Shoals:5 | PolkaDot: an ally picked it up
 29589 | Shoals:5 | PolkaDot: one of the knight's
 29606 | Shoals:5 | dondy: don't see any of them use it
 29608 | Shoals:5 | dondy: that's why i asked
 29643 | Shoals:5 | PolkaDot: must've died
 29643 | Shoals:5 | PolkaDot: I'll pick it up on my way back through
 29677 | Shoals:5 | dondy: well, monster can't wield 2h weapons with a shield too and they have a irrational love for great maces
 29743 | Shoals:5 | PolkaDot: xD
 29743 | Shoals:5 | PolkaDot: Orc :P
 29771 | Shoals:5 | dondy: also yred ghouls
 29785 | Shoals:5 | PolkaDot: ?
 29796 | Shoals:5 | dondy: i guess they only see the base damage and decide it's better
 29798 | Shoals:5 | dondy: avoid, the oklob
 29798 | Shoals:5 | PolkaDot: Deeeemons
 29805 | Shoals:5 | PolkaDot: except the Demons aren't moving towards it
 29805 | Shoals:5 | PolkaDot: Guess they count as my summons?
 29806 | Shoals:5 | dondy: yeah
 29815 | Shoals:5 | PolkaDot: schmuck ^^;
 29840 | Shoals:5 | dondy: just ignore it if possible
 29840 | Shoals:5 | PolkaDot: yup
 29840 | Shoals:5 | PolkaDot: corrosion is baaad
 29840 | Shoals:5 | PolkaDot: Blink however
 29840 | Shoals:5 | PolkaDot: blink is goooood
 29843 | Shoals:5 | Learned a level 2 spell: Blink
 29845 | Shoals:5 | Noticed Ilsuiw
 29866 | Shoals:5 | Killed Ilsuiw
 29941 | Shoals:5 | dondy: apportation is good too - spam it to grab all the ammo used
 29942 | Shoals:5 | Noticed Norris
 29951 | Shoals:5 | dondy: hmm, you could use sticky flame to make people visible
 29953 | Shoals:5 | dondy: also tf so your allies don't run off
 29954 | Shoals:5 | dondy: (and into the freezing cloud >.>)
 29956 | Shoals:5 | PolkaDot: xD
 29956 | Shoals:5 | PolkaDot: what were the chances ^^;
 29957 | Shoals:5 | dondy: don't run in there with your allies :p
 29957 | Shoals:5 | PolkaDot: without*
 29957 | Shoals:5 | PolkaDot: depe water
 29957 | Shoals:5 | PolkaDot: I'm not
 29957 | Shoals:5 | dondy: beogh
 29957 | Shoals:5 | PolkaDot: I'm thinking
 29957 | Shoals:5 | dondy: will make them go into deep water iirc
 29957 | Shoals:5 | PolkaDot: o.O
 29957 | Shoals:5 | PolkaDot: they didn't earlier
 29957 | Shoals:5 | dondy: they didn't?
 29957 | Shoals:5 | PolkaDot: when I was auto-exploring
 29957 | Shoals:5 | PolkaDot: also
 29957 | Shoals:5 | PolkaDot: when I didn't realise I was on a deep water tile, they wouldn't switch places with me
 29957 | Shoals:5 | dondy: hmm, weird
 29957 | Shoals:5 | PolkaDot: "ORc couldn't make space for you!"
 29959 | Shoals:5 | dondy: just retreat for now
 29959 | Shoals:5 | dondy: he's annoying with invis
 29959 | Shoals:5 | PolkaDot: Yeah
 29968 | Shoals:5 | Killed Norris
 29968 | Shoals:5 | Reached skill level 15 in Shields
 29969 | Shoals:5 | PolkaDot: :)
 30053 | Shoals:5 | Got a brightly glowing gold dragon armour
 30054 | Shoals:5 | Identified the cursed +0 gold dragon armour of Wasted Space {rPois rF+ rC+ Str-3 Int-3} (You found it on level 5 of the Shoals)
 30055 | Shoals:5 | PolkaDot: I'm guessing... not worth it?
 30058 | Shoals:5 | Noticed a kraken
 30073 | Shoals:5 | Killed a kraken
 30981 | Lair:2   | Learned a level 1 spell: Apportation
 31040 | Lair:2   | dondy: hmm?
 31040 | Lair:2   | dondy: i missed smth
 31040 | Lair:2   | PolkaDot: GDA
 31040 | Lair:2   | dondy: uhh, why not?
 31040 | Lair:2   | PolkaDot: but -3 STR and INT
 31040 | Lair:2   | dondy: hmm, you would need 30 str for that then :/
 31040 | Lair:2   | PolkaDot: just thought I'd check ^^;
 31040 | Lair:2   | PolkaDot: Put it in the stash in the offchance, I guess it's staying there
 31040 | Lair:2   | dondy: probably, yeah
 31040 | Lair:2   | dondy: unless you find slot of +str stuff
 31040 | Lair:2   | dondy: you'd need like +6 str to use it...
 31040 | Lair:2   | dondy: lol
 31040 | Lair:2   | PolkaDot: I think I recall STR something in a shop...
 31040 | Lair:2   | PolkaDot: eh
 31040 | Lair:2   | dondy: hmm, what's that on d:14?
 31040 | Lair:2   | PolkaDot: Something I missed :s
 31040 | Lair:2   | dondy: *remote nethand engage!*
 31040 | D:14     | PolkaDot: shush you :p
 31087 | Lair:2   | PolkaDot: and a deck xD
 31195 | D:11     | dondy: decks are fairly pointless unless you're a nemelexite or have infinite id scrolls
 31308 | D:14     | dondy: close
 31308 | D:14     | PolkaDot: ...
 31308 | D:14     | PolkaDot: Not bad at all
 31308 | D:14     | dondy: well str by itself is pretty useless imho
 31308 | D:14     | PolkaDot: I know
 31308 | D:14     | PolkaDot: especially with what I have already
 31308 | D:14     | dondy: but one more str and you can wear the GDA
 31308 | D:14     | PolkaDot: but the GDA's pretty early
 31308 | D:14     | dondy: what's your armour?
 31308 | D:14     | dondy: (guess you'll not be casting haste anytime soon)
 31308 | D:14     | dondy: hmm
 31308 | D:14     | PolkaDot: Well, no
 31308 | D:14     | dondy: planning for the large shield?
 31308 | D:14     | PolkaDot: Yeah
 31308 | D:14     | PolkaDot: Might as well
 31308 | D:14     | PolkaDot: I have resists in rings
 31308 | D:14     | dondy: why is m&f enabled?
 31308 | D:14     | PolkaDot: god knows
 31308 | D:14     | PolkaDot: stlth was as well earlier
 31308 | D:14     | PolkaDot: it was weird
 31308 | D:14     | dondy: stop hitting random buttons, lol :p
 31308 | D:14     | PolkaDot: I think my nephew might have hit a few keys while I wasn't looking >.>
 31308 | D:14     | dondy: sounds like a terrible excuse :p
 31308 | D:14     | PolkaDot: why would I put stealth on?
 31308 | D:14     | PolkaDot: xP
 31308 | D:14     | dondy: same reason you trained axes? :P
 31308 | D:14     | PolkaDot: it's not first thing in the morning now xD
 31308 | D:14     | PolkaDot: and shush you!
 31308 | D:14     | dondy: well well
 31357 | D:14     | dondy: where's bullseye?
 31400 | D:15     | dondy: or for what are you training 15+ shield?
 31418 | D:15     | PolkaDot: bullseye :p
 31418 | D:15     | dondy: when you have ~20 shd you could switch
 31418 | D:15     | PolkaDot: because I'mma getting as much AC as I can anyway
 31418 | D:15     | dondy: also, train fighting
 31418 | D:15     | PolkaDot: I'mma be a TANK
 31418 | D:15     | dondy: i didn't here "yes sensei!" :p
 31418 | D:15     | PolkaDot: :D
 31418 | D:15     | dondy: *hear
 31418 | D:15     | dondy: hehehe
 31418 | D:15     | PolkaDot: xD
 31418 | D:15     | PolkaDot: Yessir sorrysir ;p
 31418 | D:15     | dondy: gud minion!
 31418 | D:15     | PolkaDot: s'pose I should dip into Orc >.>
 31418 | D:15     | dondy: now go forth and destroy!
 31418 | D:15     | dondy: yeah, finish orc, check shops
 31418 | D:15     | dondy: do other rune that isn't shoals
 31418 | D:15     | PolkaDot: spider.... How bad are we expecting it to be?
 31418 | D:15     | PolkaDot: I've only ever done it once
 31418 | D:15     | PolkaDot: with a build that's so not good for it xD
 31418 | D:15     | dondy: spider isn't as bad as shoals
 31418 | D:15     | PolkaDot: ... eeeeexcellent
 31459 | D:14     | dondy: it's problematic because your allies get poisoned
 31543 | D:11     | PolkaDot: hrm.
 31565 | D:11     | dondy: but that's why you get more allies from orc :P
 31568 | Orc:1    | Entered Level 1 of the Orcish Mines
 31569 | Orc:1    | dondy: ALSO VOLCANOOOOOOOO
 31592 | Orc:1    | dondy: SOUTH! SOOUUUUUTH
 31606 | Orc:1    | Found Cetirucsu's Weapon Shop.
 31608 | Orc:1    | dondy: what are you doing :<
 31631 | Orc:1    | Found a dark tunnel.
 31640 | Orc:1    | PolkaDot: >.>
 31640 | Orc:1    | dondy: drop scrolls :p
 31640 | Orc:1    | PolkaDot: didn't notice
 31640 | Orc:1    | PolkaDot: and yes
 31640 | Orc:1    | Ladykiller69: hello there
 31640 | Orc:1    | dondy: hey :)
 31640 | Orc:1    | PolkaDot: I usually forget to pick them back up on the way out :p
 31640 | Orc:1    | dondy: i will remind you per remote net hand :P
 31654 | Orc:1    | PolkaDot: xD
 31654 | Orc:1    | dondy: *prepares remote netfist*
 31655 | Volcano  | Entered a volcano
 31728 | Volcano  | Ladykiller69: how is evryone
 31729 | Volcano  | Ladykiller69: also
 31729 | Volcano  | Ladykiller69: can you walk on lava?
 31729 | Volcano  | PolkaDot: quite alright
 31729 | Volcano  | Ladykiller69: with orc jesus status
 31729 | Volcano  | PolkaDot: nope
 31729 | Volcano  | PolkaDot: Why would you want to do that? ;p
 31738 | Volcano  | Ladykiller69: because orc jesus!
 31741 | Volcano  | PolkaDot: I quite agree
 31741 | Volcano  | PolkaDot: but the game doesn't :p
 31746 | Volcano  | Found a burning altar of Makhleb.
 31764 | Volcano  | dondy: just hit stuff
 31784 | Volcano  | dondy: toenail golems are filthy but not dangerous
 31790 | Volcano  | PolkaDot: Nah
 31790 | Volcano  | PolkaDot: was wondering how bad the sticky'd be >.>
 31795 | Volcano  | Ladykiller69: who came up with those?
 31923 | Volcano  | dondy: i have no idea, but they're super disgusting
 31939 | Volcano  | dondy: the idea alone
 31998 | Volcano  | Ladykiller69: hm
 31998 | Volcano  | Ladykiller69: are there fingernail golems as well then?
 31998 | Volcano  | dondy: well, there's this finger dood in zot
 31998 | Volcano  | dondy: cursetoe
 31998 | Volcano  | dondy: pretty badass guy too
 31998 | Volcano  | Ladykiller69: seen em
 31998 | Volcano  | Ladykiller69: they are tough motherfuckers
 31998 | Volcano  | dondy: yapp
 31998 | Volcano  | PolkaDot: Never seen this layour, this little bunch of room's all there is?
 31998 | Volcano  | PolkaDot: layout*
 31998 | Volcano  | dondy: yeah, it's all
 32011 | Orc:1    | dondy: check the boots?
 32011 | Orc:1    | dondy: ...
 32012 | Orc:1    | Ladykiller69: wow
 32012 | Orc:1    | PolkaDot: The ordinary boots?
 32012 | Orc:1    | Ladykiller69: +15 large shield
 32012 | Orc:1    | dondy: also: *remote netfist engage* :P
 32012 | Orc:1    | PolkaDot: They might be +2
 32012 | Orc:1    | Ladykiller69: +2!
 32012 | Orc:1    | PolkaDot: Why would I check ordinary boots?
 32012 | Orc:1    | dondy: ah right you have ass boots
 32012 | Orc:1    | PolkaDot: :s
 32012 | Orc:1    | PolkaDot: silly dondy :p
 32012 | Orc:1    | Ladykiller69: why do people say ass boots :D
 32012 | Orc:1    | Ladykiller69: it's just so weird
 32012 | Orc:1    | PolkaDot: Pun
 32012 | Orc:1    | PolkaDot: Baaaaad pun
 32012 | Orc:1    | dondy: because they're boots of ass ass in
 32012 | Orc:1    | Ladykiller69: I dont think that even qualifies as a pun
 32012 | Orc:1    | PolkaDot: It's a play on words
 32012 | Orc:1    | PolkaDot: or am I missing something? xD;
 32012 | Orc:1    | dondy: also, i think ass slippers that would make fart sounds when walking would be hilarious
 32720 | Orc:4    | Entered Level 4 of the Orcish Mines
 32731 | Orc:4    | Found a roughly hewn altar of Beogh.
 32871 | Orc:4    | Gained Olfrun as an ally
 32943 | Orc:4    | Found a roughly hewn altar of Beogh.
 32944 | Orc:4    | Found Skeh's Antique Armour Shop.
 32961 | Orc:4    | dondy: GLOVEZ
 32961 | Orc:4    | Ladykiller69: buy it
 32961 | Orc:4    | Ladykiller69: its
 32961 | Orc:4    | dondy: BUYEET
 32961 | Orc:4    | Ladykiller69: DAZZLING
 32961 | Orc:4    | PolkaDot: xD
 32961 | Orc:4    | Ladykiller69: DAZZLING
 32961 | Orc:4    | dondy: hahaha
 32961 | Orc:4    | Ladykiller69: DAZZLING
 32961 | Orc:4    | Ladykiller69: also gloves
 32961 | Orc:4    | PolkaDot: is there actually a chance the randart could be worth replacing the chain mail?
 32961 | Orc:4    | Ladykiller69: I have no idea
 32961 | Orc:4    | Ladykiller69: but it says DAZZLING
 32961 | Orc:4    | Ladykiller69: also shiny ring
 32961 | Orc:4    | Ladykiller69: runed ring
 32961 | Orc:4    | PolkaDot: keeping in mind, also randart, +6 and +3 STR and INT
 32961 | Orc:4    | Ladykiller69: if ya know what I mean
 32961 | Orc:4    | PolkaDot: xD
 32961 | Orc:4    | Ladykiller69: (I mean ringmail)
 32961 | Orc:4    | PolkaDot: I'mma guess no and leave it
 32961 | Orc:4    | PolkaDot: Although, ... the other armour
 32961 | Orc:4    | Ladykiller69: yeeeh
 32961 | Orc:4    | Ladykiller69: scale mail
 32961 | Orc:4    | dondy: buy the gloves first and then check other shops :p
 32961 | Orc:4    | Bought a glowing orcish scale mail for 145 gold pieces
 32961 | Orc:4    | Bought a pair of runed gloves for 26 gold pieces
 32965 | Orc:4    | dondy: damn, dex
 33041 | Orc:4    | PolkaDot: Mhmm
 33043 | Orc:4    | Ladykiller69: they help dodging
 33043 | Orc:4    | PolkaDot: But
 33043 | Orc:4    | PolkaDot: GDA in Shoals
 33043 | Orc:4    | Ladykiller69: EVASION IS POWER
 33043 | Orc:4    | Ladykiller69: oh
 33043 | Orc:4    | PolkaDot: But
 33043 | Orc:4    | Ladykiller69: why arent you wearing that
 33043 | Orc:4    | PolkaDot: -3STR and INT on the gda xD
 33043 | Orc:4    | dondy: he still lacks str for gda
 33043 | Orc:4    | Ladykiller69: =P
 33044 | Orc:4    | Found a roughly hewn altar of Beogh.
 33046 | Orc:4    | dondy: because he's a sissy
 33056 | Orc:4    | Found a roughly hewn altar of Beogh.
 33100 | Orc:4    | PolkaDot: you wound me ;.;
 33100 | Orc:4    | dondy: but we're working on that
 33100 | Orc:4    | PolkaDot: WOUUUUND
 33154 | Orc:4    | Gained Arkwar as an ally
 33154 | Orc:4    | dondy: *remote nethand stab*
 33158 | Orc:4    | Found a roughly hewn altar of Beogh.
 33168 | Orc:4    | Found Buogin's Antique Weapon Emporium.
 33192 | Orc:4    | dondy: poopshop
 33244 | Orc:4    | dondy: why are you moving with low hp?
 33244 | Orc:4    | Ladykiller69: HES HIGH
 33244 | Orc:4    | PolkaDot: priest was hostile
 33244 | Orc:4    | PolkaDot: changed when I stepped
 33247 | Orc:4    | dondy: >.>
 33270 | Orc:4    | dondy: *remote nethand twitches*
 33483 | Orc:4    | Gained Borgk as an ally
 33538 | Orc:4    | Found a roughly hewn altar of Beogh.
 33660 | Orc:4    | Noticed Saint Roka
 33661 | Orc:4    | dondy: ROKKAAAAAH
 33662 | Orc:4    | PolkaDot: Awwwww
 33662 | Orc:4    | PolkaDot: he didn't join me
 33662 | Orc:4    | Ladykiller69: stab
 33662 | Orc:4    | Ladykiller69: his
 33662 | Orc:4    | Ladykiller69: face
 33662 | Orc:4    | PolkaDot: maybe if I beat him up :D
 33662 | Orc:4    | Ladykiller69: until he does
 33662 | Orc:4    | Ladykiller69: :O
 33663 | Orc:4    | Found Grom's Antique Weapon Shop.
 33663 | Orc:4    | Found a roughly hewn altar of Beogh.
 33665 | Orc:4    | Found Roen Ifihaza's Antique Armour Boutique.
 33666 | Orc:4    | dondy: yeah dotz, you have to convince him
 33670 | Orc:4    | Killed Saint Roka
 33670 | Orc:4    | PolkaDot: Nope
 33670 | Orc:4    | PolkaDot: killed him instead
 33670 | Orc:4    | PolkaDot: stupid Roka
 33670 | Orc:4    | dondy: well, that was a little too convincing i guess
 33672 | Orc:4    | PolkaDot: xD
 33672 | Orc:4    | PolkaDot: I'm an enthusiastic Messiah ;p
 33695 | Orc:4    | dondy: well, good luck in your quest - i'm taking a nap :3
 33695 | Orc:4    | PolkaDot: enjoy o/
 33869 | Orc:4    | PolkaDot: Spider? :)
 33869 | Orc:4    | Ladykiller69: why do you think I know
 33869 | Orc:4    | Ladykiller69: but it doesnt sound bad
 33869 | Orc:4    | PolkaDot: I don't
 33869 | Orc:4    | PolkaDot: but figure, hey, why not ask for another opinion
 33869 | Orc:4    | Ladykiller69: well
 33869 | Orc:4    | PolkaDot: because, that way, in theory, I'm less likely to blunder ^^;
 33869 | Orc:4    | Ladykiller69: you have no other option
 33869 | Orc:4    | Ladykiller69: do you?
 33869 | Orc:4    | PolkaDot: quite
 33906 | Orc:4    | Ladykiller69: and spider is a cakewalk for meeledudes
 33947 | D:11     | PolkaDot: :D
 34012 | Lair:1   | PolkaDot: Poison for my followers aside >.>
 34030 | Lair:1   | PolkaDot: I can wlays get more :D
 34030 | Lair:1   | PolkaDot: always*
 34033 | Lair:1   | Ladykiller69: hm
 34061 | Lair:2   | PolkaDot: ...
 34061 | Lair:2   | Ladykiller69: only get them there if you're in serious danger
 34061 | Lair:2   | Ladykiller69: also
 34061 | Lair:2   | Ladykiller69: LOL
 34061 | Lair:2   | PolkaDot: Well, that's inconvenient
 34061 | Lair:2   | PolkaDot: should have though tthat through >.>
 34061 | Lair:2   | Ladykiller69: :D
 34061 | Lair:2   | Ladykiller69: well
 34076 | Lair:2   | Ladykiller69: take him to spider
 34076 | Lair:2   | Ladykiller69: and send him to die
 34076 | Lair:2   | PolkaDot: xD
 34076 | Lair:2   | PolkaDot: we'll see how long these two last :D
 34244 | Spider:1 | Entered Level 1 of the Spider Nest
 35213 | Spider:2 | Got a flickering granite ring
 35214 | Spider:2 | Identified the ring "Beip" {Fire Str+3 Dex-3 Int-4} (You found it on level 2 of the Spider Nest)
 35567 | Spider:2 | Reached skill level 10 in Fighting
 35912 | Spider:3 | Noticed Arachne
 35913 | Spider:3 | Ladykiller69: take this opportunity
 35913 | Spider:3 | Ladykiller69: to have oreg kill himself
 35935 | Spider:3 | Ladykiller69: huh
 35935 | Spider:3 | Ladykiller69: I never knew she had invis
 35935 | Spider:3 | PolkaDot: Me neither
 35935 | Spider:3 | PolkaDot: And now I'm uncertain enough to just want her dead
 35935 | Spider:3 | PolkaDot: and so
 35935 | Spider:3 | PolkaDot: DOOOOM
 35941 | Spider:3 | Ladykiller69: she doesnt
 35941 | Spider:3 | PolkaDot: Lol
 35941 | Spider:3 | PolkaDot: Item?
 35942 | Spider:3 | Ladykiller69: prob
 35951 | Spider:3 | Your ally Okrist died
 35953 | Spider:3 | PolkaDot: I have no SInvis >.<
 35954 | Spider:3 | Killed Arachne
 35960 | Spider:3 | PolkaDot: :s
 35960 | Spider:3 | PolkaDot: ok, I'm not seeing any sign of an orc equipping anything and there's nothing in what she dropped
 35962 | Spider:3 | Your ally Orkwin died
 35985 | Spider:3 | Noticed Wolfram's ghost (mighty MfIE)
 36000 | Spider:3 | Killed Wolfram's ghost
 36359 | Spider:3 | Gained Bogbarth as an ally
 36362 | Spider:3 | Gained Olfik as an ally
 36599 | Spider:3 | Reached XP level 17. HP: 103/141 MP: 30/30
 36994 | Spider:4 | Gained Arbolt as an ally
 37123 | Spider:4 | Gained Oreg as an ally
 37137 | Spider:4 | Gained Ortolf as an ally
 37436 | Spider:5 | Entered Level 5 of the Spider Nest
 38074 | Spider:5 | Your ally Olfik died
 38561 | Spider:5 | Reached skill level 18 in Shields
 38881 | Spider:5 | Got a gossamer rune of Zot
 39874 | Vaults:1 | Entered Level 1 of the Vaults
 39890 | Vaults:1 | Your ally Ortolf died
 40100 | Vaults:1 | Gained Wulfoc as an ally
 40237 | Vaults:1 | Found an iron altar of Okawaru.
 40448 | Vaults:1 | Found Ogoamn's Armour Emporium.
 40935 | Vaults:1 | Reached skill level 19 in Shields
 41114 | Vaults:1 | Reached XP level 18. HP: 134/157 MP: 31/31
 41813 | Vaults:2 | Gained Murdo as an ally
 42316 | Vaults:2 | Found a staircase to the Enchanted Forest.
 42414 | Vaults:2 | Found a portal to a secret trove of treasure.
 43133 | Vaults:3 | Found a flickering gateway to a bazaar.
 43155 | Bazaar   | Entered a bazaar
 43169 | Bazaar   | Found Bateosej's Antique Weapon Shoppe.
 43169 | Bazaar   | Found Miytus' Armour Emporium.
 43190 | Bazaar   | Found Ivonut's Magical Wand Shoppe.
 43190 | Bazaar   | Found Trypep's Jewellery Emporium.
 43217 | Bazaar   | Found Psaumu's Magic Scroll Shoppe.
 43217 | Bazaar   | Found Qirikik's General Store.
 43227 | Bazaar   | Bought a scroll of enchant armour for 66 gold pieces
 43227 | Bazaar   | Bought a scroll of enchant weapon III for 240 gold pieces
 43273 | Bazaar   | Bought the ring "Zomell" {Wiz rF++ rC+} for 1057 gold pieces
 43291 | Bazaar   | Bought a potion of curing for 18 gold pieces
 43716 | Vaults:3 | Reached skill level 20 in Shields
 44979 | Vaults:3 | Noticed a tentacled monstrosity
 44990 | Vaults:3 | Killed a tentacled monstrosity
 45356 | Vaults:3 | Gained Morun as an ally
 45358 | Vaults:3 | Your ally Morun died
 45697 | Vaults:3 | Found a staircase to the Hall of Blades.
 45708 | Vaults:3 | Your ally Ugrim died
 47255 | Vaults:4 | Paralysed by an ogre mage for 3 turns
 47310 | Vaults:4 | Reached XP level 19. HP: 167/169 MP: 32/32
 47455 | Vaults:4 | Gained Oreg as an ally
 47455 | Vaults:4 | Reached skill level 21 in Shields
 47458 | Vaults:4 | Gained Berold as an ally
 47540 | Vaults:4 | Found Ghaofoir's Armour Emporium.
 47570 | Vaults:4 | Noticed Mara
 47571 | Vaults:4 | Noticed Mara
 47582 | Vaults:4 | Noticed PolkaDot's illusion
 47582 | Vaults:4 | Killed Mara
 47585 | Vaults:4 | Your ally Berold died
 47591 | Vaults:4 | Killed Mara
 47591 | Vaults:4 | Reached skill level 15 in Fighting
 47876 | Vaults:4 | Paralysed by a sphinx for 3 turns
 48651 | Vaults:4 | Got a dazzling cloak
 48654 | Vaults:4 | Identified the cursed +0 cloak "Nagodd" {Acc+5} (You found it on level 4 of the Vaults)
 48754 | Vaults:4 | Gained Boghold as an ally
 48779 | Vaults:4 | Got a warped war axe
 48788 | Vaults:4 | Identified the -1,+1 war axe of Plunder {chop, Dex+1 Stlth-} (You acquired it on level 4 of the Vaults)
 49033 | Vaults:4 | Noticed Agnes
 49036 | Vaults:4 | Your ally Boghold died
 49043 | Vaults:4 | Killed Agnes
 49297 | Vaults:5 | Entered Level 5 of the Vaults
 49306 | Vaults:5 | Your ally Borgk died
 49307 | Vaults:5 | Your ally Boruk died
 49308 | Vaults:5 | Gained Morguth as an ally
 49309 | Vaults:5 | Your ally Oreg died
 49312 | Vaults:5 | Gained Agrik as an ally
 49314 | Vaults:5 | Your ally Wulfoc died
 49314 | Vaults:5 | Your ally Oreg died
 49319 | Vaults:5 | Reached skill level 22 in Shields
 49321 | Vaults:5 | Your ally Arbolt died
 49325 | Vaults:5 | Your ally Morguth died
 49330 | Vaults:5 | Your ally Agrik died
 49436 | Vaults:5 | Your ally Ognian died
 49438 | Vaults:5 | Your ally Wargrak died
 49450 | Vaults:5 | Killed from afar by a shadow dragon

Action                   |  1- 3 |  4- 6 |  7- 9 | 10-12 | 13-15 | 16-18 | 19-21 || total
-------------------------+-------+-------+-------+-------+-------+-------+-------++-------
Melee: Hand axe          |    95 |   295 |    78 |       |       |       |       ||   468
       Double sword      |       |       |   407 |   756 |   861 |  1659 |   291 ||  3974
       Rod               |       |       |       |     9 |     1 |     9 |       ||    19
Invok: Convert to Beogh  |       |     1 |       |       |       |       |       ||     1
       Recall Orcish Fol |       |       |       |     9 |    18 |    12 |     1 ||    40
       Stop Recall       |       |       |       |       |       |     7 |       ||     7
Evoke: Wand              |       |       |     1 |    24 |    11 |     7 |     1 ||    44
       Rod               |       |       |       |     5 |       |     2 |       ||     7
       phial of floods   |       |       |       |       |       |       |     1 ||     1
  Use: Potion            |       |     6 |     2 |       |    11 |    13 |     4 ||    36
       Scroll            |       |     4 |    20 |    21 |    25 |    17 |     4 ||    91
 Stab: Sleeping          |       |       |     1 |       |     6 |    18 |     1 ||    26
       Distracted        |       |       |       |    18 |    25 |    37 |    10 ||    90
       Paralysed         |       |       |       |       |     2 |     1 |       ||     3
       Invisible         |       |       |       |       |    11 |       |       ||    11
       Held in net/web   |       |       |       |       |       |     1 |       ||     1
